 Dungeon Crawl Stone Soup version 0.30-a0-989-g0d87f670db (webtiles) character file.

Game seed: 15221958453977759559

8277247 oldriver the Archmage (level 27, 249/249 HPs)
             Began as a Demonspawn Fire Elementalist on Apr 1, 2023.
             Was an Initiate of Gozag.
             Escaped with the Orb
             ... and 15 runes on Apr 3, 2023!
             The game lasted 08:32:39 (219286 turns).

oldriver the Archmage (DsFE)                      Turns: 219286, Time: 08:32:40

Health: 249/249    AC: 44    Str: 24    XL:     27
Magic:  13/72      EV: 36    Int: 24    God:    Gozag
Gold:   19530      SH: 15    Dex: 29    Spells: 15/80 levels left

rFire   + + +      SeeInvis .    j - +3 Elemental Staff {rElec rF++ rC++ AC+5}
rCold   + + +      Faith    .    H - +3 warlock's mirror {omnireflect}
rNeg    + . .      Spirit   .    v - +10 pearl dragon scales
rPois   +          Reflect  +    (helmet unavailable)
rElec   +          Rampage  .    n - scarf "Tige Tilux" {rC+ rF+, MP+9 Dex+3}
rCorr   +          Archmagi +    K - +1 pair of gloves "Segehah" {+Inv rF- MP+9 Str+4}
Will    +++..                    J - +2 pair of boots "Vemesk" {Str+7}
Stlth   +++                      c - amulet of Vitality {RegenMP++ Regen++}
HPRegen 2.21/turn                f - ring of the Mage {Wiz Archmagi}
MPRegen 1.23/turn                s - ring of Fedhas's Reproof {rPois rF++ rC+ Will+ rCorr}

@: studying 5 skills, bribing [the Dungeon, the Realm of Zot, the Depths]
A: horns 3, thin skeletal structure 3, powered by death 3, black mark, demonic
magic 3, bedeviling, aura of silence, agile 1, cold resistance 1, strong 1,
MP-powered wands
0: Orb of Zot
}: 15/15 runes: decaying, serpentine, slimy, silver, golden, iron, obsidian,
icy, bone, abyssal, demonic, glowing, magical, fiery, dark
a: Renounce Religion, Evoke Invisibility, Potion Petition, Call Merchant, Bribe
Branch


You escaped.
You worshipped Gozag.
Gozag was extremely pleased with you.
You visited 18 branches of the dungeon, and saw 88 of its levels.
You visited Pandemonium 4 times, and saw 21 of its levels.
You visited the Abyss 4 times.
You visited 3 ziggurats (completing 2), and saw 67 of their levels.
You also visited: Gauntlet.

You collected 98284 gold pieces.
You spent 17552 gold pieces at shops.
You paid 61202 gold pieces to Gozag.

Inventory:

Hand Weapons
 j - the +3 Elemental Staff (weapon) {rElec rF++ rC++ AC+5}
   (You acquired it on level 8 of the Dungeon)

   It enhances your fire, ice, earth and air magic.
   AC:        It affects your AC (+5).
   rF:        It greatly protects you from fire.
   rC:        It greatly protects you from cold.
   rElec:     It insulates you from electricity.
Missiles
 x - 27 throwing nets
 Q - 20 silver javelins
Armour
 n - the scarf "Tige Tilux" (worn) {rC+ rF+, MP+9 Dex+3}
   (You bought it in a shop on level 3 of the Depths)

   Dex:       It affects your dexterity (+3).
   MP:        It affects your magic capacity (+9).
 v - +10 pearl dragon scales (worn)
 H - the +3 warlock's mirror (worn) {omnireflect}
   (You bought it in a shop on level 3 of the Depths)

   Omnireflect: It can block and reflect piercing ranged attacks and magical
   attacks against the wielder's willpower.
 J - the +2 pair of boots "Vemesk" (worn) {Str+7}
   (You bought it in a shop on level 3 of the Depths)

   Str:       It affects your strength (+7).
 K - the +1 pair of gloves "Segehah" (worn) {+Inv rF- MP+9 Str+4}
   (You bought it in a shop on level 3 of the Depths)

   Str:       It affects your strength (+4).
   rF:        It makes you vulnerable to fire.
   MP:        It affects your magic capacity (+9).
   +Inv:      It lets you turn invisible.
Jewellery
 c - the amulet of Vitality (around neck) {RegenMP++ Regen++}
   (You found it on level 15 of a ziggurat)

   [amulet of magic regeneration]

   It increases your rate of magic regeneration.
   Regen:     It increases your rate of health regeneration.
 f - the ring of the Mage (left hand) {Wiz Archmagi}
   (You bought it in a shop on level 2 of the Orcish Mines)

   [ring of wizardry]

   It improves your spell success rate.
   Archmagi:  It increases the power of your magical spells.
 s - the ring of Fedhas's Reproof (right hand) {rPois rF++ rC+ Will+ rCorr}
   (You found it on level 20 of a ziggurat)

   [ring of protection from cold]

   rF:        It greatly protects you from fire.
   rC:        It protects you from cold.
   rPois:     It protects you from poison.
   rCorr:     It protects you from acid and corrosion.
   Will:      It increases your willpower.
 y - a ring of positive energy
 B - the ring "Bedeeffimp" {rF+ rCorr Str+6 Int+5 Dex-4}
   (You found it on level 27 of a ziggurat)

   [ring of strength]

   Str:       It affects your strength (+6).
   Int:       It affects your intelligence (+5).
   Dex:       It affects your dexterity (-4).
   rF:        It protects you from fire.
   rCorr:     It protects you from acid and corrosion.
 D - the ring of Xuloruon {rN+ Str+3 Int+3 Dex+6}
   (You found it on level 3 of the Tomb of the Ancients)

   [ring of dexterity]

   Str:       It affects your strength (+3).
   Int:       It affects your intelligence (+3).
   Dex:       It affects your dexterity (+6).
   rN:        It protects you from negative energy.
 S - the ring "Yxezav" {+Blink rN+ Int-5 Dex+6}
   (You found it on level 13 of a ziggurat)

   [ring of dexterity]

   Int:       It affects your intelligence (-5).
   Dex:       It affects your dexterity (+6).
   rN:        It protects you from negative energy.
   +Blink:    It lets you blink.
Wands
 a - a wand of quicksilver (64)
 u - a wand of charming (63)
 I - a wand of roots (52)
 N - a wand of digging (7)
 O - a wand of mindburst (35)
 Z - a wand of flame (8)
Scrolls
 d - a scroll of torment
 e - 10 scrolls of poison
 h - 71 scrolls of teleportation
 i - 34 scrolls of blinking
 k - 52 scrolls of fog
 q - 17 scrolls of amnesia
 G - 19 scrolls of magic mapping
 L - 17 scrolls of fear
 P - 13 scrolls of silence
 R - 4 scrolls of butterflies
Potions
 b - 31 potions of magic
 g - 56 potions of curing
 m - 10 potions of invisibility
 p - 5 potions of cancellation
 r - 12 potions of berserk rage
 t - 17 potions of might
 w - 14 potions of ambrosia
 z - 16 potions of haste
 A - a potion of experience
 C - 8 potions of resistance
 E - 18 potions of heal wounds
 M - 12 potions of brilliance
 W - 5 potions of flight
 Y - 34 potions of mutation
Miscellaneous
 l - a condenser vane
 o - a +2 figurine of a ziggurat
 F - the horn of Geryon
 T - a tin of tremorstones (2/2)
 U - a phial of floods
 V - a phantom mirror
 X - a lightning rod (4/4)


   Skills:
 O Level 27 Fighting
 - Level 12.0 Staves
 + Level 15.8 Throwing
 + Level 25.8 Armour
 O Level 27 Dodging
 - Level 10.0 Stealth
 - Level 22.0 Shields
 O Level 27 Spellcasting
 O Level 27 Conjurations
 O Level 27 Necromancy
 + Level 22.7 Transmutations
 O Level 27 Fire Magic
 O Level 27 Earth Magic
 + Level 24.9 Evocations


You had 15 spell levels left.
You knew the following spells:

 Your Spells              Type           Power      Damage    Failure   Level
a - Foxfire               Conj/Fire      100%       2x1d6     0%          1
f - Fireball              Conj/Fire      76%        3d28      0%          5
i - Ignition              Fire           76%        3d20      1%          8
n - Necromutation         Tmut/Necr      61%        N/A       1%          8
o - Orb of Destruction    Conj           63%        9d15      0%          7
p - Fire Storm            Conj/Fire      76%        8d19      1%          9
q - Apportation           Tloc           96%        N/A       1%          1
s - Iron Shot             Conj/Erth      76%        9d14      0%          6
v - Borgnjor's Vile Clut  Necr/Erth      76%        N/A       0%          5
x - Starburst             Conj/Fire      76%        6d19      0%          6
z - Shatter               Erth           76%        3d55*     1%          9

Your spell library contained the following spells:

 Spells                   Type           Power      Damage    Failure   Level
 Beastly Appendage        Tmut           100%       N/A       0%          1
 Kiss of Death            Conj/Necr      100%       2d13      0%          1
 Magic Dart               Conj           100%       1d8       0%          1
 Necrotise                Necr           100%       1d9       0%          1
 Sandblast                Erth           100%       2d20      0%          1
 Shock                    Conj/Air       100%       1d9       0%          1
 Sting                    Tmut/Pois      100%       1d8       0%          1
 Momentum Strike          Conj/Tloc      100%       3d10      0%          2
 Passwall                 Tmut/Erth      100%       N/A       0%          2
 Scorch                   Fire           100%       2d10      0%          2
 Searing Ray              Conj           100%       2d8       0%          2
 Static Discharge         Conj/Air       100%       2-7/arc   0%          2
 Sublimation of Blood     Necr           100%       N/A       0%          2
 Wereblood                Tmut           100%       N/A       0%          2
 Dazzling Flash           Conj/Hex       100%       N/A       0%          3
 Hailstorm                Conj/Ice       100%       3d20      0%          3
 Ignite Poison            Fire/Tmut/Pois 100%       N/A       0%          3
 Inner Flame              Hex/Fire       100%       N/A       0%          3
 Stone Arrow              Conj/Erth      100%       3d13      0%          3
 Vampiric Draining        Necr           100%       2d13      0%          3
 Dispel Undead            Necr           100%       3d31      0%          4
 Flame Wave               Conj/Fire      100%       2d21      0%          4
 Petrify                  Tmut/Erth      100%       N/A       0%          4
 Sticky Flame             Conj/Fire      100%       2d11      0%          4
 Agony                    Necr           100%       N/A       0%          5
 Blade Hands              Tmut           59%        N/A       0%          5
 Irradiate                Conj/Tmut      61%        3d32      0%          5
 Iskenderun's Battlesphe  Conj           100%       2d15      0%          5
 Lee's Rapid Deconstruct  Erth           76%        3d34*     0%          5
 Death Channel            Necr           63%        N/A       0%          6
 Statue Form              Tmut/Erth      98%        N/A       0%          6
 Slow                     Hex            100%       N/A       1%          1
 Summon Small Mammal      Summ           100%       N/A       1%          1
 Blink                    Tloc           96%        N/A       1%          2
 Call Imp                 Summ           48%        N/A       1%          2
 Cigotuvi's Dreadful Rot  Necr/Pois/Air  100%       N/A       1%          2
 Ensorcelled Hibernation  Hex/Ice        100%       N/A       1%          2
 Lesser Beckoning         Tloc           96%        N/A       1%          2
 Poisonous Vapours        Pois/Air       100%       N/A       1%          2
 Call Canine Familiar     Summ           48%        N/A       1%          3
 Confusing Touch          Hex            64%        N/A       1%          3
 Frozen Ramparts          Ice            100%       1d16      1%          3
 Gell's Gravitas          Tloc           48%        N/A       1%          3
 Kindle Blastsparks       Fire/Tloc/Air  100%       2d18      1%          3
 Mephitic Cloud           Conj/Pois/Air  100%       N/A       1%          3
 Ozocubu's Armour         Ice            64%        N/A       1%          3
 Portal Projectile        Hex/Tloc       100%       N/A       1%          3
 Spider Form              Tmut/Pois      92%        N/A       1%          3
 Summon Guardian Golem    Hex/Summ       64%        N/A       1%          3
 Swiftness                Air            64%        N/A       1%          3
 Teleport Other           Tloc           48%        N/A       1%          3
 Tukima's Dance           Hex            64%        N/A       1%          3
 Vhi's Electric Charge    Tloc/Air       100%       N/A       1%          3
 Anguish                  Hex/Necr       60%        N/A       1%          4
 Animate Armour           Summ/Erth      100%       N/A       1%          4
 Fulminant Prism          Conj/Hex       60%        3d26      1%          4
 Ice Form                 Ice/Tmut       100%       N/A       1%          4
 Iskenderun's Mystic Bla  Conj/Tloc      98%        2d19      1%          4
 Leda's Liquefaction      Hex/Erth       72%        N/A       1%          4
 Alistair's Intoxication  Tmut/Pois      61%        N/A       1%          5
 Arcjolt                  Conj/Air       60%        1d70      1%          5
 Freezing Cloud           Conj/Ice/Air   65%        6-21      1%          5
 Plasma Beam              Fire/Air       72%        2x1d65    1%          5
 Yara's Violent Unravell  Hex/Tmut       57%        3d22      1%          5
 Conjure Ball Lightning   Conj/Air       60%        3x3d22    1%          6
 Eringya's Noxious Bog    Tmut/Pois      46%        N/A       1%          6
 Dragon Form              Tmut           59%        N/A       1%          7
 Borgnjor's Revivificati  Necr           63%        N/A       1%          8
 Infestation              Necr           63%        N/A       1%          8
 Lehudib's Crystal Spear  Conj/Erth      76%        10d17     1%          8
 Death's Door             Necr           63%        N/A       1%          9
 Haunt                    Necr/Summ      49%        N/A       2%          7
 Spellforged Servitor     Conj/Summ      49%        N/A       2%          7
 Storm Form               Tmut/Air       57%        N/A       5%          7
 Airstrike                Air            32%        2d(5-21)  6%          4
 Cause Fear               Hex            32%        N/A       6%          4
 Manifold Assault         Tloc           48%        N/A       6%          4
 Olgreb's Toxic Radiance  Pois           48%        N/A       6%          4
 Passage of Golubria      Tloc           48%        N/A       6%          4
 Summon Ice Beast         Ice/Summ       64%        N/A       6%          4
 Summon Lightning Spire   Summ/Air       64%        N/A       6%          4
 Metabolic Englaciation   Hex/Ice        41%        N/A       17%         5
 Silence                  Hex/Air        41%        N/A       17%         5
 Summon Forest            Summ/Tloc      24%        N/A       17%         5
 Summon Mana Viper        Hex/Summ       64%        N/A       17%         5
 Dispersal                Tloc           24%        N/A       65%         6
 Summon Cactus Giant      Summ           24%        N/A       65%         6
 Chain Lightning          Conj/Air       60%        3d80      91%         9
 Enfeeble                 Hex            32%        N/A       99%         7
 Malign Gateway           Summ/Tloc      24%        N/A       99%         7
 Monstrous Menagerie      Summ           24%        N/A       99%         7
 Ozocubu's Refrigeration  Ice            32%        4d14      99%         7
 Summon Hydra             Summ           24%        N/A       99%         7
 Discord                  Hex            32%        N/A       100%        8
 Disjunction              Tloc           24%        N/A       100%        8
 Maxwell's Capacitive Co  Air            32%        ∞         100%        8
 Summon Horrible Things   Summ           24%        N/A       100%        8
 Dragon's Call            Summ           24%        N/A       100%        9
 Polar Vortex             Ice            32%        N/A       100%        9
 Animate Dead             Necr           Unusable   N/A       N/A         4
 Simulacrum               Ice/Necr       Unusable   N/A       N/A         6

Dungeon Overview and Level Annotations

Branches:
Dungeon (15/15)            Temple (1/1) D:5            Lair (5/5) D:10
  Swamp (4/4) Lair:3        Snake (4/4) Lair:2        Slime (5/5) Lair:4
    Orc (2/2) D:10            Elf (3/3) Orc:2        Vaults (5/5) D:14
  Crypt (3/3) Vaults:2       Tomb (3/3) Crypt:3      Depths (4/4) D:15
   Hell (visited)             Dis (7/7) Hell            Geh (7/7) Hell
    Coc (7/7) Hell            Tar (7/7) Hell            Zot (5/5) Depths:4
Gauntlet (visited)

Altars:
Ashenzari
Cheibriados
Dithmenos
Fedhas
Gozag
Hepliaklqana
Kikubaaqudgha
Makhleb
Nemelex Xobeh
Okawaru
Qazlal
Ru
Sif Muna
Trog
Uskayaw
Vehumet
Wu Jian
Xom
Yredelemnul
Jiyva

Shops:
D:6 *   D:8 ??   D:12 !   D:14 [=[   Orc:2 =:?[(   Elf:1 **![   Elf:3 (
Swamp:4 *   Snake:4 [   Slime:5 =   Vaults:2 *   Vaults:4 [   Depths:1 *
Depths:2 *:*[[   Depths:3 [[   Depths:4 !!

Portals:
Hell: Depths:1 Depths:2 Depths:3 Depths:4
Abyss: Depths:3
Pandemonium: Depths:2 Depths:3

Annotations:
Elf:2 3 runed translucent doors
Crypt:3 2 runed translucent doors, Weuw's ghost, adept GrFi
Tar:5 26 runed doors
Zot:4 1 transporter


Innate Abilities, Weirdness & Mutations

You have a pair of large horns on your head.
You have an unnaturally thin skeletal structure. (Dex +6, Stealth+++)
You regenerate a lot of health from kills.
Your melee attacks may debilitate your foes.
Spells you cast and wands you use may paralyse nearby enemies.
Your hexes are more powerful.
You are surrounded by an aura of silence.
You are agile. (Dex +4, Str/Int -1)
Your flesh is cold resistant. (rC+)
Your muscles are strong. (Str +4, Int/Dex -1)
You expend magic power (3 MP) to strengthen your wands.


Message History

The dungeon rumbles!
Ka-crash!
Malevolent energies surge around you.
Unknown command.
Casting: Shatter (mildly dangerous; 1% risk of failure)
Confirm with . or Enter, or press ? or * to list all spells.
You feel a strong surge of power!
The dungeon rumbles!
A door shatters!
Ka-crash!
Malevolent energies surge around you.
Casting: Shatter (mildly dangerous; 1% risk of failure)
Confirm with . or Enter, or press ? or * to list all spells.
You feel a strong surge of power!
The dungeon rumbles!
Ka-crash!
Malevolent energies surge around you.
Unknown command.
Casting: Shatter (mildly dangerous; 1% risk of failure)
Confirm with . or Enter, or press ? or * to list all spells.
You feel a strong surge of power!
The dungeon rumbles!
Ka-crash!
Malevolent energies surge around you.
Unknown command.
Casting: Shatter (mildly dangerous; 1% risk of failure)
Confirm with . or Enter, or press ? or * to list all spells.
You feel a strong surge of power!
The dungeon rumbles!
Ka-crash!
Malevolent energies surge around you.
Unknown command.
Casting: Shatter (mildly dangerous; 1% risk of failure)
Confirm with . or Enter, or press ? or * to list all spells.
You feel a strong surge of power!
The dungeon rumbles!
Ka-crash!
Malevolent energies surge around you.
Unknown command.
Casting: Shatter (mildly dangerous; 1% risk of failure)
Confirm with . or Enter, or press ? or * to list all spells.
You don't have enough magic to cast this spell.
There is a staircase leading out of the dungeon here.
Okay, then.
You have escaped!

..#######........................
..# ..................#.#### ..#
#...............#........ '##
##................#######. .#
##..........##......♣♣## #. .#
##♣.............##♣♣.....# #. .#
♣♣...................♣....♣ #. .#
♣....♣...............♣♣...♣♣#.
.#♣♣....♣♣.>....@.#.....♣♣..).♣#.
.#.♣....♣♣#.......#.....♣.....♣#.
##♣...♣##......#...#....##♣♣..♣##
♣...♣♣#............#....# ♣♣..♣
♣...♣ #....#.8...8.#....# ♣♣..♣♣
#♣..♣ #....#...⌠...#....# ♣.....
♣..♣ #....#.....8.#....#♣♣♣....
♣..♣♣###..#.......'..###♣......
♣...♣♣ ####..8....####♣.♣§...♣♣


There were no monsters in sight!

Vanquished Creatures
  Cerebov (Pan)
  Antaeus (Coc:7)
  Asmodeus (Geh:7)
  Dissolution (Slime:2)
  the Royal Jelly (Slime:5)
  Ereshkigal (Tar:7)
  the Serpent of Hell (Dis:7)
  Lom Lobon (Pan)
  Mnoleg (Pan)
  Khufu (Tomb:3)
  20 dread liches
  Dispater (Dis:7)
  19 ancient liches
  Mennas (Vaults:5)
  5 orbs of fire
  7 juggernauts
  35 royal mummies
  Sojobo (Depths:1)
  Frederick (Depths:3)
  Vv (Depths:4)
  12 shard shrikes
  Vashnia (Snake:4)
  10 Killer Klowns
  Geryon (Hell)
  53 caustic shrikes
  37 golden dragons
  4 curse toes
  27 profane servitors
  Nikola (Depths:1)
  22 bone dragons
  21 Brimstone Fiends
  8 pandemonium lords
  15 doom hounds
  36 hellephants
  35 Tzitzimimeh
  3 electric golems
  Jorgrun (Swamp:3)
  25 iron giants
  21 tentacled monstrosities
  39 Ice Fiends
  3 spectral shard shrikes
  25 Orb Guardians
  41 Hell Sentinels
  14 liches
  A walking crystal tome (Depths:2)
  28 tainted leviathans
  Mlioglotl (Swamp:1)
  A shard shrike skeleton (Tomb:2)
  Asterion (Vaults:2)
  2 quicksilver dragons (shapeshifter) (Zig:2)
  25 searing wretches
  17 deep elf blademasters
  49 acid blobs
  32 titans
  15 deep elf master archers
  15 death cobs
  34 ancient champions
  13 quicksilver dragons
  9 shadow dragons
  28 sphinxes
  64 Executioners
  The ghost of Pileu the Eclecticist, an adept DsFE of Sif Muna (Vaults:2)
  3 thorn hunters
  11 tentacled starspawn
  19 azure jellies
  28 draconian monks
  16 tengu reavers
  26 storm dragons
  A frost giant (shapeshifter) (Zig:9)
  14 daevas
  19 rockslimes
  3 fenstrider witches
  32 nagarajas
  21 demonspawn warmongers
  A fire giant (shapeshifter) (Zig:9)
  25 frost giants
  5 revenants
  34 draconian knights
  24 fire giants
  18 quicksilver elementals
  27 draconian scorchers
  77 balrugs
  8 narguns
  34 vault wardens
  9 deep elf sorcerers
  11 iron dragons
  8 emperor scorpions
  Louise (Swamp:1)
  2 deep elf elementalists
  A spectral juggernaut (Tar:5)
  3 spectral caustic shrikes
  28 draconian shifters
  2 juggernaut zombies
  17 ghost moths
  32 angels (Pan)
  3 caustic shrike zombies
  24 draconian stormcallers
  3 spriggan defenders (Depths:2)
  26 demonspawn corrupters
  5 curse skulls
  30 orc warlords
  33 cacodemons
  12 shard shrike simulacra
  8 caustic shrike skeletons
  29 draconian annihilators
  33 ironbound preservers
  4 ironbound thunderhulks
  5 ghouls
  35 stone giants
  A stone giant (shapeshifter) (Zig:9)
  5 juggernaut skeletons
  28 war gargoyles
  27 quicksilver oozes
  16 ophanim (Pan)
  10 vampire knights
  19 apis (Pan)
  30 reapers
  24 demonspawn blood saints
  2 broodmothers (Zig:24)
  28 very ugly things
  27 demonspawn black suns
  2 grey draconians (Depths:4)
  26 elemental wellsprings
  23 green draconians
  19 deep elf demonologists
  A minotaur (Gauntlet)
  33 dire elephants
  6 eleionomae
  18 bennus
  37 putrid mouths
  20 deep elf annihilators
  34 lorocyprocas
  17 red draconians
  16 wendigos
  21 black draconians
  9 bunyips
  17 white draconians
  18 yellow draconians
  Snorg (Lair:4)
  23 purple draconians
  43 blizzard demons
  5 eidola
  30 iron golems
  15 deep elf death magi
  4 spark wasps
  20 merfolk javelineers
  5 crystal guardians
  2 quicksilver dragon zombies (Zig:27)
  15 merfolk impalers
  15 entropy weavers
  A spectral iron giant (Tar:2)
  26 ettins
  35 green deaths
  8 shambling mangroves
  9 jiangshi
  34 mummy priests
  26 deep elf high priests
  20 great orbs of eyes
  14 fire dragons
  22 yaktaur captains
  Harold (Orc:1)
  Fannar (D:11)
  9 spriggan skeletons
  3 quicksilver dragon skeletons
  2 jorogumos
  A hydra (shapeshifter) (Zig:18)
  13 rakshasas
  A spriggan air mage (Depths:3)
  8 centaur warriors
  8 ironbound frosthearts
  4 peacekeepers
  30 salamander tyrants
  9 hell beasts
  24 caustic shrike simulacra
  10 ogre magi
  14 juggernaut simulacra
  21 merfolk aquamancers
  33 vault guards
  2 anacondas (shapeshifter)
  68 hydras
  14 ice dragons
  26 anacondas
  15 merfolk avatars
  12 alligators
  5 radroaches (Zig:24)
  A bennu zombie (Crypt:1)
  7 stokers
  A two-headed ogre (shapeshifter) (Zig:17)
  11 catoblepae
  3 ghost crabs
  12 boulder beetles
  11 two-headed ogres
  45 dancing weapons
  2 fenstrider witch skeletons (Hell)
  An alligator (shapeshifter) (Zig:13)
  14 naga warriors
  6 satyrs
  5 alligator snapping turtles
  52 hell hogs
  7 tengu warriors
  4 deep troll shamans
  13 death yaks
  Urug (Lair:1)
  4 deep troll earth magi
  7 vampire magi
  A spriggan berserker (Depths:1)
  62 death scarabs
  A spectral dire elephant (Tar:5)
  18 naga sharpshooters
  128 sun demons
  16 hell knights
  5 titan zombies
  Sonja (D:12)
  17 shock serpents
  25 orc high priests
  13 crystal echidnas
  18 thrashing horrors
  26 deep elf knights
  Amaemon (D:11)
  72 soul eaters
  3 spatial maelstroms
  15 spriggans
  12 iron trolls
  A storm dragon zombie (Crypt:3)
  A skyshark (shapeshifter) (Zig:9)
  6 skysharks
  A sun moth (Zig:24)
  10 titan skeletons
  35 sixfirhies
  20 wretched stars
  6 quicksilver dragon simulacra
  14 shadow wraiths
  3 salamander mystics
  5 pharaoh ants (Zig:24)
  47 skeletal warriors
  A fire crab (shapeshifter) (Zig:13)
  2 death drakes (shapeshifter)
  7 orb spiders (Zig:24)
  A spectral anaconda (Tar:2)
  15 cherubim
  51 deep trolls
  6 goliath frogs
  8 death drakes
  A golden dragon zombie (Zig:27)
  28 sea snakes
  A spark wasp zombie (Depths:1)
  2 storm dragon skeletons
  27 spriggan druids
  20 ironbound convokers
  6 spectral hydras
  An orb spider (shapeshifter) (Zig:10)
  A swamp dragon (shapeshifter) (Zig:10)
  16 swamp dragons
  2 anaconda skeletons
  4 orange crystal statues
  4 golden dragon skeletons
  3 steelbarb worms (Zig:24)
  11 obsidian statues
  9 glowing orange brains
  19 shadow demons
  4 flayed ghosts
  55 harpies
  2 shadow dragon zombies
  37 orc knights
  14 wizards
  22 phantasmal warriors
  3 spriggan simulacra
  22 deep elf archers
  9 bunyip skeletons
  13 naga ritualists
  2 anaconda zombies
  A steelbarb worm (shapeshifter) (Vaults:5)
  16 lindwurms
  A spectral iron dragon (Tar:1)
  17 necromancers
  10 bog bodies
  49 deep elf zephyrmancers
  A sphinx zombie (Zig:14)
  13 wolf spiders
  36 ugly things
  57 deep elf pyromancers
  13 mana vipers
  2 frost giant zombies (Depths:2)
  A faun (shapeshifter) (Zig:20)
  2 mana vipers (shapeshifter)
  2 stone giant zombies (Depths:1)
  15 salamanders
  An iron dragon zombie (Zig:27)
  10 cyclopes
  15 shining eyes
  24 orc sorcerers
  3 oklob plants (Swamp:4)
  14 fauns
  A shadow dragon skeleton (Pan)
  A sphinx skeleton (Zig:27)
  31 manticores
  7 will-o-the-wisps
  6 worldbinders
  114 large abominations
  4 cyclopes (shapeshifter)
  42 moths of wrath
  A spectral ice dragon (Tar:1)
  12 spectral spriggans
  21 elephants
  A dire elephant zombie (Crypt:1)
  A fire giant skeleton (Depths:1)
  An elephant (shapeshifter) (Zig:17)
  4 eyes of devastation
  12 ice statues
  5 apocalypse crabs
  A human skeleton (Hell)
  3 iron dragon skeletons
  A spectral alligator snapping turtle (Tar:2)
  2 centaur zombies (D:15)
  27 vault sentinels
  25 naga magi
  32 water nymphs
  A water nymph (shapeshifter) (Zig:13)
  10 merfolk sirens
  A guardian serpent (shapeshifter) (Zig:23)
  36 demonic crawlers
  A shock serpent zombie (Crypt:2)
  15 guardian serpents
  A stone giant skeleton (Crypt:3)
  Joseph (D:7)
  17 torpor snails
  31 orange demons
  102 smoke demons
  86 black mambas
  5 titan simulacra
  Maurice (D:10)
  A yaktaur zombie (Vaults:2)
  3 torpor snails (shapeshifter)
  3 rust devils
  12 spectral swamp worms (Tar:7)
  10 molten gargoyles
  14 rime drakes
  An eye of devastation (shapeshifter) (Zig:20)
  52 hellions
  50 cane toads
  2 minotaur zombies
  Maggie (D:8)
  An unseen horror (shapeshifter) (D:14)
  2 unseen horrors
  An alligator snapping turtle skeleton (Tomb:2)
  10 centaur skeletons
  6 dire elephant skeletons
  A storm dragon simulacrum (Depths:1)
  29 yaktaurs
  9 anaconda simulacra
  47 tormentors
  A yellow draconian skeleton (Crypt:3)
  3 bunyip simulacra
  12 ice devils
  22 efreet
  9 freezing wraiths
  8 red devils
  4 spectral nagas
  A tengu conjurer (Depths:3)
  A purple draconian skeleton (Crypt:1)
  18 ancient zymes
  5 golden dragon simulacra
  78 guardian mummies
  18 komodo dragons
  6 iron giant simulacra
  10 polar bears
  A queen bee (shapeshifter) (Vaults:5)
  3 spectral harpies
  24 trolls
  An unseen horror skeleton (Crypt:2)
  8 bloated husks
  7 tyrant leeches
  86 merfolk
  A meliai (shapeshifter) (Zig:13)
  A death drake zombie (Swamp:4)
  7 meliai
  A queen bee (D:13)
  3 hydra zombies
  6 tarantellas (Zig:24)
  28 hornets
  3 shadow dragon simulacra
  49 hellwings
  A tyrant leech (shapeshifter) (Vaults:5)
  3 sphinx simulacra
  A tengu simulacrum (Zig:15)
  8 wind drakes
  3 wind drakes (shapeshifter)
  Grinder (D:3)
  9 raiju
  Prince Ribbit (D:7)
  19 blink frogs
  A raiju (shapeshifter) (Vaults:5)
  2 death drake skeletons (Swamp:4)
  9 dream sheep
  11 harpy skeletons
  19 snapping turtles
  2 stone giant simulacra
  2 dream sheep (shapeshifter)
  2 snapping turtles (shapeshifter)
  59 flying skulls
  2 ettin zombies
  A fire giant simulacrum (Vaults:2)
  7 jumping spiders
  174 slime creatures
  5 spriggan zombies
  11 air elementals
  A spectral black mamba (Tar:1)
  2 slime creatures (shapeshifter)
  2 centaur simulacra
  An ettin skeleton (Hell)
  20 wyverns
  4 culicivoras
  23 ushabtiu
  2 shadows
  54 yaks
  A merfolk skeleton (Crypt:3)
  7 basilisks
  4 vampires
  36 water elementals
  6 wraiths
  79 ynoxinuls
  5 golden eyes
  8 redbacks
  A yak (shapeshifter) (Zig:13)
  8 dire elephant simulacra
  3 black mamba skeletons
  4 naga simulacra
  38 chaos spawn
  24 vampire mosquitoes
  5 steam dragons
  9 fire elementals
  36 neqoxecs
  33 starcursed masses
  2 redbacks (shapeshifter)
  17 wargs
  4 spatial vortices (Abyss:4)
  13 harpy simulacra
  A naga zombie (Crypt:1)
  A water nymph zombie (Crypt:2)
  A glowing shapeshifter zombie (Zig:14)
  14 swamp worms
  54 nagas
  3 swamp worms (shapeshifter)
  2 tengu zombies
  3 hell hounds
  8 acid dragons
  A deep troll skeleton (Pan)
  5 hydra simulacra
  Duvessa (D:7)
  53 water moccasins
  A floating eye (Pan)
  139 orc warriors
  A tengu skeleton (Zig:2)
  5 swamp drakes
  2 glowing shapeshifter skeletons
  6 ettin simulacra
  A black mamba simulacrum (Crypt:3)
  2 swamp dragon zombies (Swamp:4)
  A dream sheep zombie (Crypt:3)
  A cane toad skeleton (Crypt:2)
  9 ice beasts
  A merfolk simulacrum (Coc:1)
  4 black bears
  12 small abominations
  52 ogres
  A black bear (shapeshifter) (D:14)
  A sky beast (D:7)
  3 swamp dragon skeletons (Swamp:4)
  A torpor snail zombie (Crypt:1)
  19 wolves
  7 centaurs
  An elephant skeleton (Crypt:1)
  A hog zombie (Crypt:2)
  A phantom (D:6)
  4 kobold brigands
  A gnoll sergeant (D:4)
  9 bullfrogs
  3 necrophages (Crypt:1)
  12 earth elementals
  A scorpion (D:6)
  26 wights
  Dowan (D:7)
  A polar bear zombie (Crypt:3)
  26 killer bees
  5 howler monkeys
  7 crimson imps
  A quasit (Abyss:2)
  3 jellies
  50 orc priests
  3 gnoll boudas
  4 hounds
  An iron imp (Abyss:2)
  2 iguanas
  2 sleepcaps (D:6)
  37 orc wizards
  2 hell rats
  2 boggart skeletons (Crypt:3)
  A deep dwarf zombie (Crypt:1)
  9 naga skeletons
  A hound skeleton (D:3)
  A hound zombie (D:3)
  An ogre skeleton (Crypt:1)
  83 mummies
  17 gnolls
  7 adders
  2 white imps
  2 ufetubi (Abyss:2)
  An adder zombie (D:3)
  A worm (D:3)
  A dart slug (D:1)
  83 orcs
  10 bats
  4 endoplasms
  6 giant cockroaches
  7 goblins
  6 hobgoblins
  2 jackals (D:3)
  2 quokkas
  5 ball pythons
  A ball python zombie (Crypt:1)
  6 frilled lizards
  A frilled lizard zombie (Crypt:1)
  13 kobolds
  4 rats
  14 briar patches (Zig:5)
  2 bushes
  6 creeping infernos
  20 fire vortices
  2 lurking horrors
  9 starspawn tentacles
7565 creatures vanquished.

Vanquished Creatures (collateral kills)
  A seraph (Pan)
  Gloorx Vloq (Pan)
  Grunn (Zot:2)
  2 rockslimes (Slime:5)
  An apis (Pan)
  A mummy priest (Tomb:1)
  An anaconda skeleton (Tomb:1)
  2 flying skulls (Tomb:1)
  A neqoxec (Pan)
  A mummy (Tomb:1)
  A foxfire (D:4)
13 creatures vanquished.

Vanquished Creatures (others)
  A pandemonium lord (Pan)
  An eldritch tentacle (Pan)
  A fire giant (Zig:23)
  A hell beast (Pan)
  A ghost crab (Zig:7)
  A wretched star (Abyss:2)
  A bog body (Zig:17)
  A shadow demon (Pan)
  A swamp dragon (Zig:7)
  A smoke demon (Pan)
  A chaos spawn (Pan)
  A ynoxinul (Pan)
  A small abomination (Abyss:2)
  6 ball lightnings (Pan)
  A briar patch (Abyss:4)
  9 demonic plants
  101 fire vortices
  1181 foxfires
  52 fungi
  108 plants
  7 starspawn tentacles
  A withered plant (D:3)
1479 creatures vanquished.

Grand Total: 9057 creatures vanquished

Notes
Turn   | Place    | Note
-------+----------+-------------------------------------------
     0 | D:1      | oldriver the Demonspawn Fire Elementalist began the quest
                  | for the Orb.
     0 | D:1      | Reached XP level 1. HP: 13/13 MP: 3/3
   212 | D:1      | Gained mutation: You have a pair of small horns on your
                  | head. [demonic ancestry]
   212 | D:1      | Reached XP level 2. HP: 19/19 MP: 3/5
  1145 | D:1      | Gained mutation: You regenerate a little health from kills.
                  | [demonic ancestry]
  1145 | D:1      | Reached XP level 3. HP: 24/24 MP: 1/7
  1148 | D:1      | Learned a level 2 spell: Scorch
  2944 | D:3      | Noticed Grinder
  3069 | D:3      | Killed Grinder
  3070 | D:3      | Gained mutation: You regenerate health from kills. [demonic
                  | ancestry]
  3070 | D:3      | Reached XP level 4. HP: 30/30 MP: 5/10
  3070 | D:3      | Gained mutation: You have a somewhat thin skeletal
                  | structure. (Dex +2, Stealth+) [demonic ancestry]
  3070 | D:3      | Reached XP level 5. HP: 35/35 MP: 5/11
  3175 | D:3      | Reached XP level 6. HP: 41/41 MP: 13/13
  3683 | D:3      | Reached skill level 5 in Spellcasting
  3952 | D:3      | Learned a level 4 spell: Flame Wave
  4813 | D:4      | Gained mutation: You have a pair of horns on your head.
                  | [demonic ancestry]
  4813 | D:4      | Reached XP level 7. HP: 46/46 MP: 15/15
  5163 | D:5      | Entered Level 5 of the Dungeon
  5387 | D:5      | Reached skill level 1 in Fighting
  5584 | D:5      | Reached skill level 1 in Armour
  5711 | D:5      | Found a staircase to the Ecumenical Temple.
  5715 | D:5      | Noticed a steam dragon
  5723 | D:5      | Killed a steam dragon
  5767 | Temple   | Entered the Ecumenical Temple
  5946 | Temple   | Became a worshipper of Gozag Ym Sagoz the Greedy
  6015 | D:5      | Gained mutation: You have a moderately thin skeletal
                  | structure. (Dex +4, Stealth++) [demonic ancestry]
  6015 | D:5      | Reached XP level 8. HP: 56/56 MP: 17/17
  6025 | D:5      | Reached skill level 5 in Fire Magic
  6412 | D:5      | Found an ancient bone altar of Kikubaaqudgha.
  6477 | D:5      | Found a broken altar of Ashenzari.
  7200 | D:6      | Found a blossoming altar of Fedhas.
  7340 | D:6      | Found Xuts's General Store.
  7350 | D:6      | Bought a scroll of fear for 52 gold pieces
  7350 | D:6      | Bought a scroll of teleportation for 39 gold pieces
  7350 | D:6      | Bought a scroll of identify for 26 gold pieces
  7350 | D:6      | Bought a potion of brilliance for 52 gold pieces
  7497 | D:6      | Reached XP level 9. HP: 64/64 MP: 19/19
  8516 | D:7      | Noticed Joseph
  8531 | D:7      | Killed Joseph
  8782 | D:7      | Noticed Duvessa
  8782 | D:7      | Noticed Dowan
  8801 | D:7      | Killed Duvessa
  8802 | D:7      | Reached skill level 5 in Fighting
  8817 | D:7      | Killed Dowan
  8960 | D:7      | Noticed Prince Ribbit
  8966 | D:7      | Killed Prince Ribbit
  9212 | D:7      | Found Qyjoss's CLEARANCE SALE!.
  9276 | D:7      | Bought a potion of attraction for 1 gold piece
  9276 | D:7      | Bought a potion of ambrosia for 1 gold piece
  9276 | D:7      | Bought 4 stones for 1 gold piece
  9276 | D:7      | Bought 9 stones for 1 gold piece
  9833 | D:8      | Gained mutation: You regenerate a lot of health from kills.
                  | [demonic ancestry]
  9833 | D:8      | Reached XP level 10. HP: 76/76 MP: 11/22
 10084 | D:8      | Noticed Maggie
 10108 | D:8      | Killed Maggie
 10216 | D:8      | Found Bioph's Magic Scroll Shoppe.
 10652 | D:8      | Found Pueryaf's Magic Scroll Shop.
 11575 | D:10     | Entered Level 10 of the Dungeon
 11732 | D:10     | Noticed a manticore
 11744 | D:10     | Killed a manticore
 11843 | D:10     | Found a shadowy altar of Dithmenos.
 12222 | D:10     | Reached XP level 11. HP: 70/86 MP: 16/24
 12459 | D:10     | Noticed a two-headed ogre
 12639 | D:10     | Noticed Maurice
 12647 | D:10     | Killed Maurice
 12784 | D:10     | Found a staircase to the Orcish Mines.
 13180 | D:10     | Killed a two-headed ogre
 13222 | D:10     | Found a staircase to the Lair.
 13423 | D:8      | Bought a scroll of acquirement for 780 gold pieces
 13423 | D:8      | Acquired the +3 Elemental Staff {rElec rF++ rC++ AC+5}
 13423 | D:8      | Found the +3 Elemental Staff {rElec rF++ rC++ AC+5}
 13529 | Orc:1    | Entered Level 1 of the Orcish Mines
 13567 | Orc:2    | Entered Level 2 of the Orcish Mines
 13704 | Orc:2    | Noticed an orc warlord
 13705 | Orc:2    | Noticed an orc sorcerer
 13912 | D:11     | Found a gate leading to a gauntlet.
 13920 | Gauntlet | Entered a Gauntlet
 13920 | Gauntlet | Found a transporter.
 13920 | Gauntlet | Found a transporter.
 13920 | Gauntlet | Found a transporter.
 13941 | Gauntlet | Found a transporter.
 13954 | Gauntlet | Found a transporter.
 13957 | Gauntlet | Found a transporter.
 13964 | Gauntlet | Found a transporter.
 13969 | Gauntlet | Noticed a blizzard demon
 13982 | Gauntlet | Noticed a reaper
 13983 | Gauntlet | Found a transporter.
 13997 | Gauntlet | Found a transporter.
 14000 | Gauntlet | Found a transporter.
 14002 | Gauntlet | Noticed a catoblepas
 14011 | Gauntlet | Found a transporter.
 14011 | Gauntlet | Found a transporter.
 14254 | Gauntlet | Learned a level 3 spell: Kindle Blastsparks
 14282 | Gauntlet | Reached skill level 10 in Spellcasting
 14282 | Gauntlet | Reached skill level 10 in Fire Magic
 14450 | Gauntlet | Learned a level 6 spell: Iron Shot
 14475 | Gauntlet | Identified the ring "Fuapapse" {Will+ rCorr Slay+4}
 14490 | Gauntlet | Identified the ring of Moemiamicu {rElec MP+9 Str-5 Int+6}
 14490 | Gauntlet | Noticed a minotaur
 14520 | Gauntlet | Killed a minotaur
 14521 | Gauntlet | Reached skill level 5 in Dodging
 14521 | Gauntlet | Reached skill level 1 in Earth Magic
 14665 | Gauntlet | Identified the ring of Plog {rF+ Str+6 Int+2 Slay-6}
 14665 | Gauntlet | Identified the +1 longbow "Laekk" {heavy, Drain rPois
                  | Dex+2}
 14757 | Gauntlet | Identified the +1 scale mail of the Yeti {rN++}
 14831 | Gauntlet | Learned a level 5 spell: Fireball
 14838 | Gauntlet | Learned a level 6 spell: Starburst
 14842 | D:11     | Noticed a tengu warrior
 14915 | Lair:1   | Entered Level 1 of the Lair of Beasts
 15428 | Lair:1   | Reached skill level 5 in Conjurations
 15472 | Lair:1   | Identified the +10 plate armour "Ciqidelu" {rElec Str+3}
 15542 | Lair:1   | Noticed Urug
 15552 | Lair:1   | Killed Urug
 15778 | Lair:1   | Gained mutation: Your hexes are more powerful. [demonic
                  | ancestry]
 15778 | Lair:1   | Reached XP level 12. HP: 92/92 MP: 24/26
 16877 | Lair:2   | Found a staircase to the Snake Pit.
 19232 | Lair:3   | Noticed a five-headed hydra
 19238 | Lair:3   | Killed a five-headed hydra
 19242 | Lair:3   | Gained mutation: You have a pair of large horns on your
                  | head. [demonic ancestry]
 19242 | Lair:3   | Reached XP level 13. HP: 99/99 MP: 10/28
 19966 | Lair:3   | Found a staircase to the Swamp.
 21831 | Lair:4   | Found a staircase to the Slime Pits.
 21843 | Lair:4   | Identified the +8 quarterstaff of Hetiyp {heavy, Stlth+}
 21858 | Lair:4   | Noticed Snorg
 21864 | Lair:4   | Killed Snorg
 22502 | Lair:5   | Entered Level 5 of the Lair of Beasts
 24288 | Lair:5   | Reached skill level 10 in Conjurations
 24637 | Lair:5   | Reached skill level 10 in Fighting
 24713 | Lair:5   | Got the Guide on Ensorcelling and the Body
 24719 | Lair:5   | Acquired a +0 buckler of reflection
 24875 | Lair:5   | Identified the +1 lajatang "Fosuutev" {heavy, rF+}
 25004 | Lair:5   | Gained mutation: Spells you cast may paralyse adjacent
                  | enemies. [demonic ancestry]
 25004 | Lair:5   | Reached XP level 14. HP: 110/110 MP: 30/30
 27875 | Orc:2    | Paralysed by an orc sorcerer for 2 turns
 27889 | Orc:1    | Killed an orc warlord
 27890 | Orc:1    | Reached skill level 10 in Dodging
 28033 | Orc:2    | Reached skill level 1 in Shields
 28205 | Orc:2    | Found a staircase to the Elven Halls.
 28211 | Orc:2    | Noticed an orc warlord
 28806 | Orc:2    | Killed an orc warlord
 31487 | Orc:2    | Found Meetoq's Weapon Shop.
 31490 | Orc:2    | Found Erchomau's Book Boutique.
 31491 | Orc:2    | Found Jupawnow's Jewellery Shop.
 31492 | Orc:2    | Found Teve's Armour Shop.
 31657 | Orc:2    | Bought the ring of the Mage {Wiz Archmagi} for 765 gold
                  | pieces
 31657 | Orc:2    | Found the ring of the Mage {Wiz Archmagi}
 31657 | Orc:2    | Bought an amulet of the acrobat for 450 gold pieces
 31679 | Orc:2    | Bought 3 scrolls of enchant armour for 315 gold pieces
 31679 | Orc:2    | Bought a scroll of blinking for 105 gold pieces
 31679 | Orc:2    | Bought a scroll of fear for 56 gold pieces
 31780 | Orc:1    | You fall into a shaft and drop 1 floor!
 31798 | Orc:1    | Noticed Harold
 31804 | Orc:1    | Killed Harold
 32816 | Orc:2    | Bought the Unrestrained Analects for 484 gold pieces
 32828 | Orc:2    | Learned a level 8 spell: Ignition
 33021 | Swamp:1  | Entered Level 1 of the Swamp
 33021 | Swamp:1  | Noticed Louise
 33024 | Swamp:1  | Noticed Mlioglotl
 33168 | Swamp:1  | Noticed a hellephant
 33173 | Swamp:1  | Reached XP level 15. HP: 72/115 MP: 1/31
 33201 | Swamp:1  | Killed Mlioglotl
 35370 | Swamp:1  | Killed Louise
 35536 | Swamp:1  | Reached skill level 5 in Earth Magic
 36414 | Snake:1  | Entered Level 1 of the Snake Pit
 38544 | Snake:2  | Noticed a nagaraja
 38674 | Snake:2  | Killed a nagaraja
 39060 | Snake:2  | Reached skill level 5 in Armour
 39541 | Snake:2  | Reached XP level 16. HP: 123/123 MP: 23/34
 41770 | Snake:3  | Reached skill level 1 in Evocations
 42012 | Snake:3  | Reached skill level 1 in Staves
 43997 | Swamp:2  | Paralysed by a fenstrider witch for 5 turns
 45153 | Swamp:3  | Noticed Jorgrun
 45156 | Swamp:3  | Reached XP level 17. HP: 133/133 MP: 22/35
 45213 | Swamp:3  | Reached skill level 15 in Spellcasting
 45491 | Swamp:3  | Killed Jorgrun
 46534 | Swamp:4  | Entered Level 4 of the Swamp
 48228 | Swamp:4  | Reached skill level 5 in Evocations
 48243 | Swamp:4  | Noticed a tentacled monstrosity
 48255 | Swamp:4  | Killed a tentacled monstrosity
 49728 | Swamp:4  | Reached skill level 5 in Staves
 50194 | Swamp:4  | Found a blossoming altar of Fedhas.
 50249 | Swamp:4  | Found a basalt altar of Yredelemnul.
 50263 | Swamp:4  | Got a decaying rune of Zot
 50567 | Swamp:4  | Bought a scroll of teleportation for 96 gold pieces
 50567 | Swamp:4  | Bought a scroll of blinking for 240 gold pieces
 50567 | Swamp:4  | Bought a scroll labelled ERECHI ONIABY for 32 gold pieces
 50567 | Swamp:4  | Bought a tin of tremorstones (2/2) for 1280 gold pieces
 50767 | Snake:4  | Entered Level 4 of the Snake Pit
 51362 | Snake:4  | Found Yckog's Antique Armour Shoppe.
 53043 | Snake:4  | Reached XP level 18. HP: 140/140 MP: 20/37
 54771 | Snake:4  | Reached skill level 15 in Fire Magic
 54933 | Snake:4  | Noticed Vashnia
 54954 | Snake:4  | Killed Vashnia
 55272 | Snake:4  | Got a serpentine rune of Zot
 56460 | D:11     | Identified the +1 ring mail "Juxaf" {rC++ Will- Str+5}
 56482 | D:11     | Noticed Fannar
 56485 | D:11     | Killed Fannar
 56489 | D:11     | Noticed Amaemon
 56494 | D:11     | Killed Amaemon
 57198 | D:11     | Identified the +7 plate armour of Neyw {rF+ Str+5 Stlth+}
 58547 | D:12     | Found Avoegef's Distillery.
 58555 | D:12     | Bought a potion of magic for 128 gold pieces
 58555 | D:12     | Bought a potion of curing for 48 gold pieces
 58555 | D:12     | Bought a potion of curing for 48 gold pieces
 58555 | D:12     | Bought a potion of heal wounds for 80 gold pieces
 58577 | D:12     | Noticed Sonja
 58579 | D:12     | Killed Sonja
 59724 | D:13     | Found an ornate altar of the Wu Jian Council.
 60865 | D:14     | Found Seonas's Armour Shoppe.
 60873 | D:14     | Bought a +2 cloak of poison resistance for 296 gold pieces
 61478 | D:14     | Found a gate to the Vaults.
 61993 | D:15     | Entered Level 15 of the Dungeon
 63360 | D:15     | Found a staircase to the Depths.
 63562 | Elf:1    | Entered Level 1 of the Elven Halls
 63907 | Elf:1    | Found Irot's Antique Armour Boutique.
 64207 | Elf:1    | Found Kaeff's General Store.
 64256 | Elf:1    | Gained mutation: Spells you cast may paralyse nearby
                  | enemies. [demonic ancestry]
 64256 | Elf:1    | Reached XP level 19. HP: 141/146 MP: 28/39
 64402 | Elf:1    | Bought a potion of heal wounds for 55 gold pieces
 64402 | Elf:1    | Bought a wand of quicksilver (3) for 138 gold pieces
 64402 | Elf:1    | Bought a wand of roots (1) for 26 gold pieces
 64405 | Elf:1    | Found an ancient bone altar of Kikubaaqudgha.
 64723 | Elf:1    | Found Kiroomm's General Store.
 64978 | Elf:1    | Bought a scroll of fear for 56 gold pieces
 64978 | Elf:1    | Bought a scroll of teleportation for 42 gold pieces
 65578 | Elf:1    | Found Juso's Distillery.
 65593 | Elf:1    | Bought a potion of heal wounds for 85 gold pieces
 65593 | Elf:1    | Bought a potion of heal wounds for 85 gold pieces
 65593 | Elf:1    | Bought a potion of heal wounds for 85 gold pieces
 66138 | Elf:1    | Found the +3 crown of Dyrovepreva {rElec Int+2 SInv}
 66139 | Elf:1    | Found a runed translucent gate.
 66139 | Elf:1    | Found a runed translucent gate.
 66139 | Elf:1    | Found a runed translucent gate.
 66139 | Elf:1    | Found a runed translucent gate.
 66139 | Elf:1    | Found a runed translucent gate.
 66140 | Elf:1    | Found a runed translucent gate.
 66368 | Elf:2    | Paralysed by an air elemental for 1 turns
 66499 | Elf:2    | Paralysed by an air elemental for 1 turns
 67585 | Elf:2    | Reached skill level 5 in Stealth
 67908 | Elf:2    | Found a runed translucent gate.
 67909 | Elf:2    | Found a runed translucent gate.
 67909 | Elf:2    | Found a runed translucent gate.
 68082 | Elf:3    | Entered Level 3 of the Elven Halls
 68255 | Elf:3    | Reached skill level 5 in Shields
 69378 | Elf:3    | Found Rumun's Antique Weapon Emporium.
 69776 | Elf:3    | Identified the +1 long sword "Yrau" {flame, Will+}
 70525 | Elf:3    | Identified the +8 short sword "Xoegioci" {freeze, rElec
                  | Dex+2}
 70853 | Elf:3    | Identified the +0 robe of Fyoroech {Will+ Dex+3 Stlth+}
 71024 | Elf:3    | Identified the +4 chain mail of the Lily {rF+ rC- Str+4
                  | Int+2}
 71529 | Elf:3    | Identified the +4 eveningstar of Patterns {elec, *Noise
                  | Drain rC+++ rCorr}
 71626 | Elf:3    | Got the Tome of Elsewhere and Hyperthermia
 71649 | Elf:3    | Got the Encyclopedia of Dust
 71653 | Elf:3    | Identified the scarf "Rucum" {+Inv, *Slow Str-5 Int+3
                  | Dex+3}
 71659 | Elf:3    | Identified the +1 pair of gloves "Edod" {Harm Dex+2}
 72319 | Elf:1    | Bought a condenser vane for 560 gold pieces
 72565 | Vaults:1 | Entered Level 1 of the Vaults
 72573 | Vaults:1 | Gained mutation: Your melee attacks may debilitate your
                  | foes. [demonic ancestry]
 72573 | Vaults:1 | Reached XP level 20. HP: 155/155 MP: 7/40
 77142 | Vaults:2 | Found a runed translucent gate.
 77142 | Vaults:2 | Found a runed translucent gate.
 77143 | Vaults:2 | Found a runed translucent gate.
 77144 | Vaults:2 | Found an opulent altar of Gozag.
 77147 | Vaults:2 | Found Walog's Assorted Antiques.
 78325 | Vaults:2 | Noticed Pileu's ghost (adept DsFE)
 78780 | Vaults:2 | Found a staircase to the Crypt.
 78780 | Vaults:2 | Found an ancient bone altar of Kikubaaqudgha.
 78781 | Vaults:2 | Found a basalt altar of Yredelemnul.
 78840 | Vaults:2 | Noticed Asterion
 79132 | Vaults:2 | Killed Asterion
 79995 | Vaults:2 | Gained mutation: You have an unnaturally thin skeletal
                  | structure. (Dex +6, Stealth+++) [demonic ancestry]
 79995 | Vaults:2 | Reached XP level 21. HP: 164/164 MP: 22/42
 85292 | Vaults:4 | Reached skill level 15 in Fighting
 86318 | Vaults:4 | Bought a +0 pair of gloves of strength for 184 gold pieces
 86668 | D:8      | Bought a scroll of enchant armour for 112 gold pieces
 86668 | D:8      | Bought a scroll of teleportation for 45 gold pieces
 86668 | D:8      | Bought a scroll of fear for 60 gold pieces
 86730 | D:8      | Bought a scroll of enchant armour for 82 gold pieces
 86730 | D:8      | Bought a scroll of teleportation for 33 gold pieces
 86730 | D:8      | Bought a scroll of blinking for 82 gold pieces
 86730 | D:8      | Bought a scroll of fear for 44 gold pieces
 87017 | Depths:1 | Entered Level 1 of the Depths
 87018 | Depths:1 | Noticed a golden dragon
 87031 | D:15     | Killed a golden dragon
 87184 | Depths:1 | Noticed Sojobo
 87190 | Depths:1 | Killed Sojobo
 87345 | Depths:1 | Gained mutation: You are surrounded by an aura of silence.
                  | [demonic ancestry]
 87345 | Depths:1 | Reached XP level 22. HP: 176/176 MP: 36/44
 87747 | Depths:1 | Found a gateway to Hell.
 87999 | Depths:1 | Identified the ring "Pidaecre" {rC+ Str+6}
 88071 | Depths:1 | Found a one-way gateway to a ziggurat.
 88079 | Depths:1 | Noticed Nikola
 88083 | Depths:1 | Killed Nikola
 88998 | Elf:1    | Bought glowing pearl dragon scales for 2756 gold pieces
 89338 | D:14     | Bought the ring of Ivahegh {rPois Will++ SInv} for 723 gold
                  | pieces
 91602 | Depths:2 | Noticed a caustic shrike
 91689 | Depths:2 | Killed a caustic shrike
 92638 | Depths:2 | Found a one-way gate leading to the halls of Pandemonium.
 92783 | Depths:2 | Found Fipiv's Antique Armour Boutique.
 92783 | Depths:2 | Found Zeuck's Assorted Antiques.
 92784 | Depths:2 | Found Hiat's Book Shop.
 92788 | Depths:2 | Found Bobbor's General Store.
 92797 | Depths:2 | Bought a scroll of teleportation for 39 gold pieces
 92800 | Depths:2 | Bought a potion of curing for 102 gold pieces
 92800 | Depths:2 | Bought a scroll of teleportation for 102 gold pieces
 92800 | Depths:2 | Bought a twisted buckler for 323 gold pieces
 92800 | Depths:2 | Identified the +1 buckler of Peahyila {+Inv rF+ Int+4} (You
                  | bought it in a shop on level 2 of the Depths)
 93544 | Depths:2 | Reached skill level 10 in Armour
 95211 | Depths:3 | Identified the +6 morningstar of Chance {speed, rElec rC+
                  | Int+2}
 95219 | Depths:3 | Noticed Frederick
 95224 | Depths:3 | Killed Frederick
 96107 | Depths:3 | Found a one-way gate to the infinite horrors of the Abyss.
 96404 | Crypt:1  | Entered Level 1 of the Crypt
 96925 | Crypt:1  | Reached XP level 23. HP: 184/184 MP: 22/46
 97809 | Crypt:1  | Found an ancient bone altar of Kikubaaqudgha.
100243 | Crypt:3  | Entered Level 3 of the Crypt
101616 | Crypt:3  | Found a staircase to the Tomb.
103670 | Crypt:3  | Identified the +5 shortbow of the Four Artisans {freeze,
                  | rElec MP+9}
103683 | Crypt:3  | Found a large runed translucent door.
103683 | Crypt:3  | Found a large runed translucent door.
103685 | Crypt:3  | Noticed Weuw's ghost (adept GrFi)
103824 | Crypt:3  | Identified the +7 long sword "Vokusilif" {pain, Dex+2}
103881 | Crypt:3  | Noticed an ancient lich
104004 | Crypt:3  | Killed an ancient lich
104391 | Crypt:3  | Identified the +2 leather armour of the Arcane {Rampage
                  | Stlth+}
105078 | Crypt:3  | Noticed a curse toe
105102 | Crypt:3  | Killed a curse toe
108326 | D:14     | Learned a level 9 spell: Fire Storm
108334 | D:14     | Learned a level 7 spell: Orb of Destruction
108337 | D:14     | Bought the +4 Cigotuvi's embrace {Corpsefed rMiasma Drain
                  | rN+} for 1242 gold pieces
108337 | D:14     | Found the +4 Cigotuvi's embrace {Corpsefed rMiasma Drain
                  | rN+}
108546 | Slime:1  | Entered Level 1 of the Pits of Slime
108707 | Slime:1  | Gained mutation: Your magical capacity is low. (-10% MP) [a
                  | shining eye]
110402 | Slime:2  | Noticed Dissolution
110644 | Slime:2  | Killed Dissolution
110664 | Slime:2  | Reached skill level 15 in Conjurations
112275 | Slime:4  | Gained mutation: You do not regenerate when monsters are
                  | visible. [a shining eye]
112403 | Slime:4  | Gained mutation: You have hidden genetic defects. [a
                  | shining eye]
112851 | Slime:5  | Entered Level 5 of the Pits of Slime
112996 | Slime:5  | Reached XP level 24. HP: 195/195 MP: 3/42
113298 | Slime:5  | Gained mutation: You are weak. (Str -2) [a shining eye]
113299 | Slime:5  | Gained mutation: You are frail. (-10% HP) [a shining eye]
113413 | Slime:4  | Lost mutation: You are frail. (-10% HP) [potion of
                  | mutation]
113413 | Slime:4  | Lost mutation: You do not regenerate when monsters are
                  | visible. [potion of mutation]
113413 | Slime:4  | Lost mutation: You have hidden genetic defects. [potion of
                  | mutation]
113413 | Slime:4  | Gained mutation: You passively dampen the noise of your
                  | surroundings. [potion of mutation]
113413 | Slime:4  | Gained mutation: You occasionally shout uncontrollably at
                  | your foes. [potion of mutation]
113415 | Slime:5  | Noticed the Royal Jelly
113452 | Slime:5  | Reached skill level 10 in Earth Magic
113878 | Slime:5  | Reached skill level 10 in Evocations
114768 | Slime:5  | Found the +10 morningstar "Eos" {elec, Halo rElec}
114771 | Slime:5  | Found a viscous altar of Jiyva.
114805 | Slime:5  | Killed the Royal Jelly
115155 | Slime:5  | Identified the staff of death "Fiesch" {rN+ Str+4 Int+2}
115158 | Slime:5  | Identified the +6 short sword of Mandamus {drain, rCorr
                  | Int-4 Dex+3}
115163 | Slime:5  | Identified the staff of conjuration "Fehanuewk" {rF+ rC++
                  | rN+ rCorr}
115185 | Slime:5  | Identified the +7 flail "Elar" {vamp, rPois rN+ Str-4}
115215 | Slime:5  | Got the Directory of the Called Salvo
115220 | Slime:5  | Got a slimy rune of Zot
115248 | Slime:5  | Identified the +1 pair of gloves of Tartarus {Harm Fly
                  | Regen+ Dex-2}
115501 | Slime:5  | Bought the amulet "Xynaq" {RegenMP rPois rF+ Dex-2} for 924
                  | gold pieces
115924 | Vaults:5 | Entered Level 5 of the Vaults
116846 | Vaults:5 | Got a silver rune of Zot
117035 | Vaults:5 | Noticed a dread lich
117047 | Vaults:5 | Killed a dread lich
117138 | Vaults:5 | Identified the +2 spear "Urenkup" {protect, rElec rCorr
                  | Str+3}
117462 | Vaults:5 | Noticed a dread lich
117528 | Vaults:4 | Killed a dread lich
118072 | Vaults:5 | Identified the +2 quarterstaff of Defence {flame, Int+3
                  | Stlth+}
118077 | Vaults:5 | Identified the +1 scimitar "Onicovot" {holy, rPois rN++}
118394 | Vaults:5 | Noticed Mennas
118406 | Vaults:5 | Killed Mennas
118705 | Vaults:5 | Found the +6 Majin-Bo {spellvamp, MP+6 Int+6}
118784 | Vaults:5 | Identified the amulet "Houmair" {Fly Regen+ Slay+2 Stlth-}
118788 | Vaults:5 | Identified the staff of air "Ciwuex" {rElec rPois MP+9
                  | Int+6 Dex-4}
118919 | Vaults:5 | Reached XP level 25. HP: 188/204 MP: 13/43
119127 | Vaults:5 | Identified the +3 leather armour "Odurph" {rPois MP+9}
119148 | Vaults:5 | Identified the staff of death "Iqab Juss" {rC+++ rN+ rCorr
                  | Int-3 Stlth+}
119764 | Depths:4 | Entered Level 4 of the Depths
119775 | Depths:3 | Noticed a juggernaut
119874 | Depths:4 | Noticed Vv
120094 | Pan      | Entered Pandemonium
120776 | Pan      | Identified the amulet "Nugeoneo" {Acrobat -Cast rCorr
                  | Dex+5}
121200 | Pan      | Found an exit through the horrors of the Abyss.
121210 | Pan      | Took an exit into the Abyss.
121210 | Abyss:1  | Escaped into the Abyss
121223 | Abyss:1  | Found a corrupted altar of Lugonu.
121227 | Abyss:1  | Found a corrupted altar of Lugonu.
121257 | Abyss:1  | Found a corrupted altar of Lugonu.
121308 | Abyss:1  | Found a corrupted altar of Lugonu.
121905 | Abyss:2  | Found a corrupted altar of Lugonu.
121934 | Abyss:2  | Found a corrupted altar of Lugonu.
121934 | Abyss:2  | Found a corrupted altar of Lugonu.
122163 | Depths:3 | Escaped the Abyss
122245 | Depths:4 | Killed Vv
122704 | Depths:4 | Found a gate to the Realm of Zot.
123438 | Depths:4 | Found Onuuwo's Distillery.
123446 | Depths:4 | Bought a potion of heal wounds for 70 gold pieces
123446 | Depths:4 | Bought a potion of magic for 112 gold pieces
123446 | Depths:4 | Bought a potion of curing for 42 gold pieces
123446 | Depths:4 | Bought a potion of curing for 42 gold pieces
123624 | Depths:4 | Bought a potion of mutation for 112 gold pieces
123624 | Depths:4 | Lost mutation: You occasionally shout uncontrollably at
                  | your foes. [potion of mutation]
123624 | Depths:4 | Lost mutation: You passively dampen the noise of your
                  | surroundings. [potion of mutation]
123624 | Depths:4 | Lost mutation: You are weak. (Str -2) [potion of mutation]
123624 | Depths:4 | Gained mutation: Your spells are a little harder to cast,
                  | but a little more powerful. [potion of mutation]
123624 | Depths:4 | Gained mutation: You have hidden genetic defects. [potion
                  | of mutation]
123624 | Depths:4 | Gained mutation: You are clumsy. (Dex -2) [potion of
                  | mutation]
123624 | Depths:4 | Gained mutation: You are strong-willed. (Will+) [potion of
                  | mutation]
123625 | Depths:4 | Lost mutation: You are clumsy. (Dex -2) [potion of
                  | mutation]
123625 | Depths:4 | Lost mutation: Your magical capacity is low. (-10% MP)
                  | [potion of mutation]
123625 | Depths:4 | Lost mutation: Your spells are a little harder to cast, but
                  | a little more powerful. [potion of mutation]
123625 | Depths:4 | Gained mutation: You occasionally lose the ability to drink
                  | potions when taking damage. [potion of mutation]
123626 | Depths:4 | Lost mutation: You are strong-willed. (Will+) [potion of
                  | mutation]
123626 | Depths:4 | Lost mutation: You have hidden genetic defects. [potion of
                  | mutation]
123626 | Depths:4 | Lost mutation: You occasionally lose the ability to drink
                  | potions when taking damage. [potion of mutation]
123626 | Depths:4 | Gained mutation: You sometimes lose your temper in combat.
                  | [potion of mutation]
123626 | Depths:4 | Gained mutation: Your mind is acute. (Int +4, Str/Dex -1)
                  | [potion of mutation]
123725 | Zot:1    | Entered Level 1 of the Realm of Zot
124053 | Depths:4 | Bought a potion of brilliance for 88 gold pieces
124053 | Depths:4 | Bought a potion of heal wounds for 110 gold pieces
124053 | Depths:4 | Bought a potion of heal wounds for 110 gold pieces
124053 | Depths:4 | Bought a potion of mutation for 176 gold pieces
125745 | Zot:2    | Noticed Grunn
126519 | Zot:2    | Gained mutation: Spells you cast and wands you use may
                  | paralyse nearby enemies. [demonic ancestry]
126519 | Zot:2    | Reached XP level 26. HP: 213/213 MP: 27/48
128783 | Zot:2    | Killed Grunn
129533 | Zot:3    | Identified the +6 rapier of Hepliaklqana, Forging {pain,
                  | Fly rElec rN++ Str-5}
129895 | Zot:4    | Noticed an orb of fire
129897 | Zot:4    | Noticed an orb of fire
130226 | Zot:4    | Found a transporter.
130734 | Zot:4    | Found a transporter.
130747 | Zot:4    | Identified the +1 cloak of the Enchanted Forest {rPois rF-
                  | SInv Stlth+}
131279 | Hell     | Entered the Vestibule of Hell
131279 | Hell     | Noticed Geryon
131640 | Hell     | Killed Geryon
131769 | Depths:1 | Bought a potion of curing for 63 gold pieces
131769 | Depths:1 | Bought a potion of curing for 63 gold pieces
131769 | Depths:1 | Bought a potion of heal wounds for 105 gold pieces
131962 | Zot:5    | Entered Level 5 of the Realm of Zot
133009 | Zot:5    | Noticed an orb of fire
133010 | Zot:5    | Noticed an orb of fire
133060 | Zot:5    | Lost mutation: Your mind is acute. (Int +4, Str/Dex -1) [an
                  | orb of fire]
133062 | Zot:5    | Killed an orb of fire
133488 | Zot:5    | Reached XP level 27. HP: 197/224 MP: 13/49
133743 | Zot:5    | Noticed a dread lich
133751 | Zot:5    | Noticed a dread lich
133820 | Zot:4    | Killed a dread lich
133851 | Zot:4    | Killed a dread lich
134029 | Zot:5    | Gained mutation: You are weak. (Str -2) [an orb of fire]
134031 | Zot:5    | Killed an orb of fire
134310 | Zot:5    | Noticed a dread lich
134328 | Zot:4    | Killed a dread lich
134821 | Zot:5    | Noticed an orb of fire
134986 | Zot:5    | Noticed an ancient lich
134991 | Zot:5    | Killed an ancient lich
135055 | Zot:5    | Gained mutation: You are very weak. (Str -4) [an orb of
                  | fire]
135057 | Zot:5    | Killed an orb of fire
136998 | Zot:4    | Gained mutation: You are vulnerable to cold. (rC-) [an orb
                  | of fire]
137000 | Zot:4    | Gained mutation: You are vulnerable to heat. (rF-) [an orb
                  | of fire]
137010 | Zot:4    | Gained mutation: You are dopey. (Int -2) [an orb of fire]
137011 | Zot:4    | Gained mutation: Your magical capacity is low. (-10% MP)
                  | [an orb of fire]
137013 | Zot:4    | Gained mutation: You do not regenerate when monsters are
                  | visible. [an orb of fire]
137014 | Zot:4    | Killed an orb of fire
137366 | Zot:4    | Lost mutation: Your magical capacity is low. (-10% MP)
                  | [potion of mutation]
137366 | Zot:4    | Lost mutation: You are dopey. (Int -2) [potion of mutation]
137366 | Zot:4    | Lost mutation: You sometimes lose your temper in combat.
                  | [potion of mutation]
137366 | Zot:4    | Lost mutation: You do not regenerate when monsters are
                  | visible. [potion of mutation]
137366 | Zot:4    | Lost mutation: You are very weak. (Str -4) [potion of
                  | mutation]
137367 | Zot:4    | Lost mutation: You are vulnerable to heat. (rF-) [potion of
                  | mutation]
137367 | Zot:4    | Lost mutation: You are vulnerable to cold. (rC-) [potion of
                  | mutation]
137367 | Zot:4    | Lost mutation: You are weak. (Str -2) [potion of mutation]
137367 | Zot:4    | Gained mutation: Your movements are slightly less
                  | encumbered by armour. (ER -2) [potion of mutation]
137367 | Zot:4    | Gained mutation: A frigid envelope surrounds you and
                  | freezes all who hurt you. [potion of mutation]
137367 | Zot:4    | Gained mutation: Your flesh is heat resistant. (rF+)
                  | [potion of mutation]
137900 | Vaults:2 | Killed Pileu's ghost
138085 | Vaults:2 | Bought a potion of resistance for 280 gold pieces
138085 | Vaults:2 | Bought a scroll of teleportation for 84 gold pieces
138451 | Depths:3 | Voluntarily entered the Abyss.
138739 | Abyss:4  | Got an abyssal rune of Zot
138764 | Depths:3 | Escaped the Abyss
138881 | Depths:3 | Learned a level 9 spell: Shatter
138892 | Depths:3 | Learned a level 5 spell: Borgnjor's Vile Clutch
139000 | Pan      | Entered Pandemonium
140009 | Pan      | Gained mutation: You occasionally shout uncontrollably at
                  | your foes. [a cacodemon]
140248 | Pan      | Noticed Xoeruret the pandemonium lord
140365 | Pan      | Killed Xoeruret the pandemonium lord
140850 | Abyss:4  | Cast into level 4 of the Abyss (+0 lajatang of distortion)
141080 | Pan      | Escaped the Abyss
142410 | Pan      | Gained mutation: Your body sometimes deteriorates upon
                  | taking damage. [a cacodemon]
143405 | Pan      | Reached skill level 10 in Staves
143594 | Pan      | Got a demonic rune of Zot
145654 | Pan      | Identified the +4 scimitar of Qoekh {flame, Drain rPois
                  | Int+5}
146864 | Pan      | Identified the ring "Fotoodal" {rC- rN+ Str+5 SInv}
147223 | Pan      | Identified the +6 tower shield of the Leaf {rF+++ rC- SInv}
147596 | Pan      | Noticed a seraph
147774 | Pan      | Killed a seraph
147947 | Pan      | Identified the +1 mace of the Enchanted Forest {heavy, Fly
                  | Will- Str+5 SInv}
147954 | Pan      | Identified the staff of poison "Venepsux" {rPois rF++ SInv}
147955 | Pan      | Identified the +0 quarterstaff "Ujeoxt" {protect, rN+}
147963 | Pan      | Got Sif Muna's Handbook of the Fairies
148128 | Depths:3 | Escaped Pandemonium
148138 | Depths:3 | Bought the +3 warlock's mirror {omnireflect} for 520 gold
                  | pieces
148138 | Depths:3 | Found the +3 warlock's mirror {omnireflect}
148138 | Depths:3 | Bought the +2 pair of boots "Vemesk" {Str+7} for 470 gold
                  | pieces
148172 | Depths:3 | Bought the scarf "Tige Tilux" {rC+ rF+, MP+9 Dex+3} for 622
                  | gold pieces
148172 | Depths:3 | Bought the +1 pair of gloves "Segehah" {+Inv rF- MP+9
                  | Str+4} for 438 gold pieces
148231 | Pan      | Entered Pandemonium
148455 | Pan      | Identified the +1 crystal plate armour of Dishonour {Str+3
                  | Dex+5}
148544 | Pan      | Noticed Vuoplovo the pandemonium lord
148554 | Pan      | Killed Vuoplovo the pandemonium lord
148657 | Pan      | Identified the +10 halberd of the Scorned {spect, rC+ Will+
                  | Str+3 Dex+2}
149561 | Pan      | Entered the realm of Cerebov.
150198 | Pan      | Acquired 828 gold pieces
150831 | Pan      | Identified the +8 demon whip of Grace {freeze, rN+ Int+3
                  | SInv}
150983 | Pan      | Found the +6 sword of Cerebov {flame}
150983 | Pan      | Noticed Cerebov
151810 | Pan      | Killed Cerebov
152105 | Pan      | Identified the +2 scimitar of Kit Ynk {heavy, Int+3}
152144 | Pan      | Identified the +2 flail "Ewolej" {heavy, Contam Will++
                  | Str+2 Dex+2}
152145 | Pan      | Identified the staff of earth "Lepuf" {rPois}
152167 | Pan      | Identified the +10 shortbow of Dudola {heavy, rF+ Int+3
                  | Dex+3}
152170 | Pan      | Identified the +7 spear "Hoecidaj" {holy, *Rage +Blink
                  | Stlth+}
152189 | Pan      | Got Ciroutul's Teachings on the Jinx
152210 | Pan      | Got a fiery rune of Zot
152691 | Pan      | Entered the realm of Lom Lobon.
155694 | Pan      | Noticed Lom Lobon
155717 | Pan      | Killed Lom Lobon
155725 | Pan      | Got a magical rune of Zot
156553 | Pan      | Entered the realm of Gloorx Vloq.
157307 | Pan      | Reached skill level 15 in Earth Magic
157642 | Pan      | Reached skill level 27 in Spellcasting
159824 | Pan      | Noticed Gloorx Vloq
160402 | Pan      | Identified the +0 plate armour of Crawling {rF+ rCorr SInv}
160471 | Pan      | Killed Gloorx Vloq
160484 | Pan      | Got a dark rune of Zot
163454 | Pan      | Identified the +7 great sword of Propriety {holy, *Slow
                  | Will+ MP+9 SInv}
163706 | Pan      | Noticed Figon the pandemonium lord
163715 | Pan      | Killed Figon the pandemonium lord
164832 | Pan      | Noticed Ikkorewn the pandemonium lord
165335 | Pan      | Entered the realm of Mnoleg.
165702 | Pan      | Gained mutation: You are frail. (-10% HP) [a cacodemon]
165945 | Pan      | Found an exit through the horrors of the Abyss.
166031 | Pan      | Identified the +10 mace of the Extremes {freeze, rElec rF+
                  | Dex+3}
166546 | Pan      | Noticed Mnoleg
166557 | Pan      | Killed Mnoleg
166659 | Pan      | Gained mutation: You are dopey. (Int -2) [a cacodemon]
166764 | Pan      | Got a glowing rune of Zot
167182 | Pan      | Lost mutation: Your body sometimes deteriorates upon taking
                  | damage. [potion of mutation]
167182 | Pan      | Lost mutation: Your movements are slightly less encumbered
                  | by armour. (ER -2) [potion of mutation]
167182 | Pan      | Gained mutation: Armour fits poorly on your strangely
                  | shaped body. [potion of mutation]
167182 | Pan      | Lost mutation: Your flesh is heat resistant. (rF+) [potion
                  | of mutation]
167182 | Pan      | Gained mutation: You are agile. (Dex +4, Str/Int -1)
                  | [potion of mutation]
167183 | Pan      | Lost mutation: You are dopey. (Int -2) [potion of mutation]
167183 | Pan      | Lost mutation: You are frail. (-10% HP) [potion of
                  | mutation]
167183 | Pan      | Lost mutation: You occasionally shout uncontrollably at
                  | your foes. [potion of mutation]
167183 | Pan      | Gained mutation: You occasionally lose the ability to drink
                  | potions when taking damage. [potion of mutation]
167183 | Pan      | Gained mutation: You are very agile. (Dex +8, Str/Int -2)
                  | [potion of mutation]
167184 | Pan      | Lost mutation: A frigid envelope surrounds you and freezes
                  | all who hurt you. [potion of mutation]
167184 | Pan      | Lost mutation: You are very agile. (Dex +8, Str/Int -2)
                  | [potion of mutation]
167184 | Pan      | Lost mutation: You are agile. (Dex +4, Str/Int -1) [potion
                  | of mutation]
167184 | Pan      | Gained mutation: You are frail. (-10% HP) [potion of
                  | mutation]
167185 | Pan      | Lost mutation: You occasionally lose the ability to drink
                  | potions when taking damage. [potion of mutation]
167185 | Pan      | Lost mutation: You are frail. (-10% HP) [potion of
                  | mutation]
167185 | Pan      | Lost mutation: Armour fits poorly on your strangely shaped
                  | body. [potion of mutation]
167185 | Pan      | Gained mutation: Your body sometimes deteriorates upon
                  | taking damage. [potion of mutation]
167185 | Pan      | Gained mutation: Your muscles are strong. (Str +4, Int/Dex
                  | -1) [potion of mutation]
167191 | Pan      | Took an exit into the Abyss.
167191 | Abyss:4  | Escaped into the Abyss
167221 | Abyss:4  | Found a corrupted altar of Lugonu.
167293 | Abyss:4  | Found a corrupted altar of Lugonu.
167301 | Abyss:4  | Found a corrupted altar of Lugonu.
167332 | Abyss:4  | Found a corrupted altar of Lugonu.
167379 | Depths:3 | Escaped the Abyss
168007 | Hell     | Found a gateway to the decaying netherworld of Tartarus.
168225 | Hell     | Found a gateway to the Iron City of Dis.
168390 | Hell     | Found a gateway to the ashen valley of Gehenna.
168467 | Hell     | Found a gateway to the freezing wastes of Cocytus.
168636 | Coc:1    | Entered Level 1 of Cocytus
169673 | Coc:4    | Paralysed by a wendigo for 1 turns
171082 | Coc:7    | Entered Level 7 of Cocytus
172256 | Coc:7    | Identified the ring of Satyriasis {rCorr Str+5 Int-5}
172805 | Coc:7    | Identified the staff of earth "Fewuwar" {rF- Dex+4}
173193 | Coc:7    | Noticed Antaeus
173200 | Coc:7    | Killed Antaeus
174026 | Coc:7    | Learned a level 1 spell: Apportation
174027 | Coc:7    | Got an icy rune of Zot
174207 | Dis:1    | Entered Level 1 of the Iron City of Dis
174213 | Dis:1    | Noticed an ancient lich
174216 | Dis:1    | Killed an ancient lich
175453 | Dis:5    | Noticed an ancient lich
175454 | Dis:5    | Killed an ancient lich
175456 | Dis:5    | Noticed a dread lich
175458 | Dis:5    | Killed a dread lich
175532 | Dis:5    | Noticed an ancient lich
175535 | Dis:5    | Noticed a dread lich
175537 | Dis:5    | Killed an ancient lich
175537 | Dis:5    | Noticed an ancient lich
175538 | Dis:5    | Killed a dread lich
175539 | Dis:5    | Killed an ancient lich
175644 | Dis:6    | Reached skill level 15 in Dodging
175894 | Dis:7    | Entered Level 7 of the Iron City of Dis
176588 | Dis:7    | Noticed the Serpent of Hell
176602 | Dis:7    | Killed the Serpent of Hell
177253 | Dis:7    | Noticed a juggernaut
177258 | Dis:7    | Killed a juggernaut
177479 | Dis:7    | Identified the +9 mace of Dithmenos {flame, rN+ rCorr Str-3
                  | Dex+5 Stlth+}
177482 | Dis:7    | Identified the ring of Duing {rPois Dex+6}
177500 | Dis:7    | Identified the +1 dagger of Trial by Ordeal {elec, rF+
                  | MP+9}
177504 | Dis:7    | Identified the +6 spear "Yqaor" {pain, Dex+3}
177505 | Dis:7    | Identified the staff of fire "Cutwith" {rF+ rCorr Str+3}
178532 | Dis:7    | Noticed a juggernaut
178535 | Dis:7    | Killed a juggernaut
179348 | Dis:7    | Identified the ring of Bodily Harmony {rElec rPois Int+3
                  | Dex+5 Stlth-}
179348 | Dis:7    | Noticed Dispater
179391 | Dis:7    | Killed Dispater
179493 | Dis:7    | Got an iron rune of Zot
179494 | Dis:7    | Identified the ring of Woblig Kiz {Ice Str+3}
180089 | Zot:4    | Gained mutation: You are clumsy. (Dex -2) [an orb of fire]
180092 | Zot:4    | Killed an orb of fire
180705 | Zot:4    | Identified the ring of Xoentis {Fly Will- EV+5 Str+8
                  | Stlth-}
181744 | Geh:1    | Entered Level 1 of Gehenna
182185 | Geh:1    | You fall into a shaft and drop 1 floor!
182592 | Geh:3    | Reached skill level 15 in Armour
183229 | Geh:4    | Reached skill level 1 in Necromancy
183535 | Geh:5    | Reached skill level 5 in Necromancy
183961 | Geh:5    | Learned a level 8 spell: Necromutation
183987 | Geh:6    | Reached skill level 10 in Necromancy
184638 | Geh:6    | Upgraded the game from 0.30-a0-986-g7f2e898f52 to
                  | 0.30-a0-989-g0d87f670db
184674 | Geh:7    | Entered Level 7 of Gehenna
184793 | Geh:7    | Reached skill level 1 in Transmutations
186000 | Geh:7    | Identified the +4 long sword of Cigo {spect, Dex+6}
186515 | Geh:7    | Noticed a dread lich
186529 | Geh:7    | Killed a dread lich
186530 | Geh:7    | Reached skill level 5 in Transmutations
186832 | Geh:7    | Identified the amulet of Fipa {RegenMP *Corrode Will+++}
187637 | Geh:7    | Found the +7 sceptre of Asmodeus
187637 | Geh:7    | Noticed Asmodeus
187650 | Geh:7    | Killed Asmodeus
187651 | Geh:7    | Reached skill level 15 in Necromancy
187662 | Geh:7    | Got an obsidian rune of Zot
188204 | Pan      | Entered Pandemonium
188233 | Pan      | Noticed Coutum the pandemonium lord
189078 | Pan      | Killed Coutum the pandemonium lord
189486 | Pan      | Found an exit through the horrors of the Abyss.
190132 | Pan      | Reached skill level 10 in Transmutations
190150 | Pan      | Noticed Qoz Mies the pandemonium lord
190155 | Pan      | Killed Qoz Mies the pandemonium lord
192292 | Pan      | Noticed Kuanufuf the pandemonium lord
192299 | Pan      | Killed Kuanufuf the pandemonium lord
194021 | Pan      | Reached skill level 27 in Fighting
194031 | Pan      | Gained mutation: Armour fits poorly on your strangely
                  | shaped body. [mutagenic glow]
194049 | Pan      | Gained mutation: You are frail. (-10% HP) [mutagenic glow]
194063 | Pan      | Gained mutation: Your magical capacity is low. (-10% MP)
                  | [mutagenic glow]
194222 | Pan      | Found an exit through the horrors of the Abyss.
194607 | Depths:2 | Escaped Pandemonium
194628 | Depths:2 | Bought an ichor-stained scale mail for 342 gold pieces
194628 | Depths:2 | Identified the +2 scale mail of Grace {rF+++ Str+3 Int+2
                  | Slay-3} (You bought it in a shop on level 2 of the Depths)
194628 | Depths:2 | Bought a translucent scale mail for 342 gold pieces
194628 | Depths:2 | Identified the +5 scale mail of Gozag's Respect {Rampage
                  | rElec rN+++ Dex-3} (You bought it in a shop on level 2 of
                  | the Depths)
194679 | Tar:1    | Entered Level 1 of Tartarus
196395 | Tar:5    | Found a huge runed gate.
196395 | Tar:5    | Found a huge runed gate.
196395 | Tar:5    | Found a huge runed gate.
196395 | Tar:5    | Found a huge runed gate.
196398 | Tar:5    | Noticed a dread lich
196401 | Tar:5    | Paralysed by a dread lich for 2 turns
196406 | Tar:5    | Noticed an ancient lich
196413 | Hell     | Killed a dread lich
196594 | Tar:5    | Killed an ancient lich
196804 | Hell     | Lost mutation: Your body sometimes deteriorates upon taking
                  | damage. [potion of mutation]
196804 | Hell     | Lost mutation: You are clumsy. (Dex -2) [potion of
                  | mutation]
196804 | Hell     | Lost mutation: Your muscles are strong. (Str +4, Int/Dex
                  | -1) [potion of mutation]
196804 | Hell     | Gained mutation: You do not regenerate when monsters are
                  | visible. [potion of mutation]
196893 | Zig:1    | Entered Level 1 of a ziggurat
196932 | Zig:2    | Entered Level 2 of a ziggurat
196946 | Zig:2    | Identified the +0 plate armour "Quyhokk" {rElec}
196979 | Zig:3    | Entered Level 3 of a ziggurat
196997 | Zig:3    | Identified the +0 hand axe of the Healing Gods {freeze,
                  | MP+9 Str+4 Dex-5}
197002 | Zig:4    | Entered Level 4 of a ziggurat
197085 | Zig:5    | Entered Level 5 of a ziggurat
197129 | Zig:5    | Identified the +3 leather armour "Janewkoj" {+Blink rC+
                  | Will-}
197132 | Zig:5    | Identified the +11 glaive of Kuvut {drain, *Noise Str+5
                  | Dex+4}
197135 | Zig:5    | Identified the +0 steam dragon scales "Nuivu" {rPois Str+4}
197154 | Zig:6    | Entered Level 6 of a ziggurat
197214 | Zig:6    | Identified the staff of earth "Rugam" {Str+3}
197238 | Zig:7    | Entered Level 7 of a ziggurat
197301 | Zig:7    | Identified the staff of cold "Akhleal" {rPois rF++ rC+
                  | rCorr Int-2}
197366 | Zig:8    | Entered Level 8 of a ziggurat
197435 | Zig:8    | Identified the +8 shortbow of Uvohydghui {drain, rC+++
                  | Will+}
197444 | Zig:8    | Identified the +3 short sword "Laguge" {speed, rN++ Int-5
                  | SInv}
197448 | Zig:8    | Identified the +6 glaive of False Accusations {heavy, rElec
                  | Str+2 Dex+6}
197471 | Zig:9    | Entered Level 9 of a ziggurat
197575 | Zig:9    | Identified the staff of earth "Wesaw" {SInv}
197616 | Zig:10   | Entered Level 10 of a ziggurat
197626 | Zig:10   | Noticed an ancient lich
197629 | Zig:10   | Killed an ancient lich
197689 | Zig:10   | Got the Discursus on Warped Wildfire
197692 | Zig:10   | Identified the ring "Utititzu" {Wiz Int+2 Dex+4 Stlth-}
197733 | Zig:11   | Entered Level 11 of a ziggurat
197746 | Zig:11   | Noticed Voack the pandemonium lord
197759 | Zig:11   | Killed Voack the pandemonium lord
197947 | Zig:11   | Identified the +0 sling "Pyteup" {elec, +Blink}
197991 | Zig:11   | Lost mutation: You do not regenerate when monsters are
                  | visible. [potion of mutation]
197991 | Zig:11   | Lost mutation: Your magical capacity is low. (-10% MP)
                  | [potion of mutation]
197991 | Zig:11   | Gained mutation: You occasionally lose the ability to read
                  | scrolls when taking damage. [potion of mutation]
197991 | Zig:11   | Gained mutation: You are covered in fur. (AC +1) [potion of
                  | mutation]
197991 | Zig:11   | Gained mutation: You are agile. (Dex +4, Str/Int -1)
                  | [potion of mutation]
198115 | Zig:12   | Entered Level 12 of a ziggurat
198198 | Zig:12   | Identified the amulet "Quexev" {Reflect rN++ Str+3 Dex+3
                  | SH+5}
198265 | Zig:13   | Entered Level 13 of a ziggurat
198372 | Zig:13   | Found the +8 Wrath of Trog {antimagic, *Rage Rampage}
198458 | Zig:13   | Identified the +8 hand axe "Kuwuon" {heavy, rElec rC- rN+
                  | Str+2}
198461 | Zig:13   | Identified the +6 great sword of Nufu {heavy, rC++ Int+3}
198463 | Zig:13   | Identified the +7 glaive "Keotas" {spect, Fragile Fly MP+9
                  | Dex+4}
198503 | Zig:14   | Entered Level 14 of a ziggurat
198619 | Zig:14   | Identified the ring "Jyst" {rElec EV+5}
198623 | Zig:14   | Identified the +1 robe of the Big Bang {rC+ Int+3 Dex-2
                  | Stlth+}
198643 | Zig:14   | Identified the ring "Raighehu" {Fly Int-2 Dex+8}
198646 | Zig:14   | Identified the staff of poison "Poempaaz" {rPois MP+9
                  | Str+3}
198648 | Zig:14   | Identified the ring of Kauddut {*Corrode rC+ rN+++ Slay+2}
198702 | Zig:14   | Acquired a manual of Maces & Flails
198708 | Zig:15   | Entered Level 15 of a ziggurat
198728 | Zig:15   | Found the amulet of Vitality {RegenMP++ Regen++}
198789 | Zig:15   | Identified the ring of Royhixek {rF+ Will+ Str+4}
198901 | Zig:16   | Entered Level 16 of a ziggurat
198916 | Zig:16   | Noticed a juggernaut
198917 | Zig:16   | Killed a juggernaut
198917 | Zig:16   | Noticed a juggernaut
198919 | Zig:16   | Noticed a juggernaut
198922 | Zig:16   | Killed a juggernaut
198922 | Zig:16   | Killed a juggernaut
198923 | Zig:16   | Reached skill level 10 in Shields
198998 | Zig:16   | Identified the +3 falchion of Certain Death {freeze, Drain
                  | rPois rF+ Int+6}
199015 | Zig:16   | Got the Reference Book on the Quake
199023 | Zig:16   | Identified the ring "Nuazopn" {rN+ rCorr Dex+5 Slay+2}
199036 | Zig:16   | Identified the staff of cold "Komepeiw" {rPois rC+ Will++
                  | Str-4 SInv}
199086 | Zig:17   | Entered Level 17 of a ziggurat
199166 | Zig:17   | Identified the +1 dagger of Immorality {elec, rN+}
199258 | Zig:17   | Lost mutation: You occasionally lose the ability to read
                  | scrolls when taking damage. [potion of mutation]
199258 | Zig:17   | Lost mutation: You are covered in fur. (AC +1) [potion of
                  | mutation]
199258 | Zig:17   | Gained mutation: You have hidden genetic defects. [potion
                  | of mutation]
199258 | Zig:17   | Gained mutation: Your movements are slightly less
                  | encumbered by armour. (ER -2) [potion of mutation]
199258 | Zig:17   | Lost mutation: You are agile. (Dex +4, Str/Int -1) [potion
                  | of mutation]
199258 | Zig:17   | Gained mutation: Your muscles are strong. (Str +4, Int/Dex
                  | -1) [potion of mutation]
199259 | Zig:17   | Lost mutation: Armour fits poorly on your strangely shaped
                  | body. [potion of mutation]
199259 | Zig:17   | Lost mutation: You are frail. (-10% HP) [potion of
                  | mutation]
199259 | Zig:17   | Gained mutation: You are clumsy. (Dex -2) [potion of
                  | mutation]
199259 | Zig:17   | Gained mutation: Your flesh is cold resistant. (rC+)
                  | [potion of mutation]
199260 | Zig:17   | Lost mutation: Your muscles are strong. (Str +4, Int/Dex
                  | -1) [potion of mutation]
199260 | Zig:17   | Lost mutation: Your flesh is cold resistant. (rC+) [potion
                  | of mutation]
199260 | Zig:17   | Lost mutation: You are clumsy. (Dex -2) [potion of
                  | mutation]
199260 | Zig:17   | Gained mutation: Your mind is acute. (Int +4, Str/Dex -1)
                  | [potion of mutation]
199260 | Zig:17   | Gained mutation: Your flesh is cold resistant. (rC+)
                  | [potion of mutation]
199260 | Zig:17   | Gained mutation: You are agile. (Dex +4, Str/Int -1)
                  | [potion of mutation]
199278 | Zig:18   | Entered Level 18 of a ziggurat
199296 | Zig:18   | Noticed an ancient lich
199297 | Zig:18   | Noticed a dread lich
199299 | Zig:18   | Noticed an ancient lich
199301 | Zig:18   | Killed an ancient lich
199301 | Zig:18   | Killed an ancient lich
199301 | Zig:18   | Killed a dread lich
199301 | Zig:18   | Noticed an ancient lich
199303 | Zig:18   | Killed an ancient lich
199364 | Zig:18   | Identified the staff of air "Beofun" {rElec rF+ Str+6 Int+3
                  | Dex-4}
199378 | Zig:18   | Identified the ring "Vestreg" {Fly Int+3}
199386 | Zig:18   | Identified the +5 acid dragon scales of the Guild-Master
                  | {rPois rF+ rN+++ rCorr Int-5}
199393 | Zig:18   | Identified the +4 hand axe of Karma {heavy, Int+8}
199430 | Zig:18   | Lost mutation: Your movements are slightly less encumbered
                  | by armour. (ER -2) [potion of mutation]
199430 | Zig:18   | Lost mutation: Your mind is acute. (Int +4, Str/Dex -1)
                  | [potion of mutation]
199430 | Zig:18   | Gained mutation: You expend magic power (3 MP) to
                  | strengthen your wands. [potion of mutation]
199430 | Zig:18   | Gained mutation: Your muscles are strong. (Str +4, Int/Dex
                  | -1) [potion of mutation]
199430 | Zig:18   | Lost mutation: You have hidden genetic defects. [potion of
                  | mutation]
199450 | Zig:19   | Entered Level 19 of a ziggurat
199471 | Zig:19   | Reached skill level 27 in Earth Magic
199608 | Zig:19   | Identified the staff of earth "Rerethe" {rF+ rN++ Str-5
                  | Int+3}
199621 | Zig:19   | Identified the +10 quarterstaff of Xetek {flame, Fly rF+
                  | rC-}
199622 | Zig:19   | Identified the staff of death "Rovvat" {rN+ Will+ Str+4}
199626 | Zig:19   | Identified the staff of earth "Vyqa" {rPois Str+5 Dex-3}
199681 | Zig:20   | Entered Level 20 of a ziggurat
199702 | Zig:20   | Reached skill level 27 in Fire Magic
199839 | Zig:20   | Identified the +7 demon whip of the Hidden Vale {flame, rC-
                  | Str+7 Int-3 Dex+3}
199849 | Zig:20   | Identified the +7 shortbow of Jygenukk {flame, Int+2 Dex+2}
199855 | Zig:20   | Identified the +1 falchion of Welfare {spect, Dex+3}
199914 | Zig:21   | Entered Level 21 of a ziggurat
199954 | Zig:21   | Reached skill level 15 in Transmutations
200136 | Zig:21   | Identified the ring of Fodel {rF+ Int+3 Slay+2}
200139 | Zig:21   | Identified the +7 short sword of the Moon {antimagic, *Rage
                  | rC+ rN+ Str+7}
200148 | Zig:21   | Got the Precepts of Transforming Generation
200150 | Zig:21   | Identified the ring of the Sharing Coward {Int+3 SInv}
200151 | Zig:21   | Identified the +9 trident "Gailoa" {holy, Int+4 SInv}
200152 | Zig:21   | Identified the +6 falchion of Emiete {spect, rF+ Stlth+}
200171 | Zig:22   | Entered Level 22 of a ziggurat
200427 | Zig:22   | Reached skill level 15 in Shields
200459 | Zig:23   | Entered Level 23 of a ziggurat
200783 | Zig:23   | Identified the +6 plate armour of the Guilds {Int+2}
200788 | Zig:23   | Identified the staff of earth "Zyotib" {rF+ rN+}
200791 | Zig:23   | Identified the +2 battleaxe "Leviticus" {drain, rF+}
200797 | Zig:23   | Identified the +10 halberd of Wagua {freeze, Contam rElec
                  | rPois Int+3}
200798 | Zig:23   | Identified the +5 ice dragon scales "Pofiwnaus" {rPois rF-
                  | rC++ rCorr Int-2}
200802 | Zig:23   | Identified the +1 robe of Watchfulness {Harm}
200825 | Zig:24   | Entered Level 24 of a ziggurat
200859 | Zig:24   | Noticed Carufy the pandemonium lord
200862 | Zig:24   | Killed Carufy the pandemonium lord
200959 | Zig:24   | Identified the +1 lajatang of the Scavenger {speed, Str+3}
200998 | Zig:24   | Identified the +9 lajatang of the Dungeon {antimagic, rElec
                  | rPois Str+3}
201011 | Zig:24   | Identified the ring "Nenturph" {Ice Str+3}
201015 | Zig:24   | Identified the amulet of Fedesont {rF+ Regen+}
201124 | Zig:25   | Entered Level 25 of a ziggurat
201345 | Zig:25   | Identified the +4 ring mail of Kleptomania {rF+ Dex+6}
201346 | Zig:25   | Identified the +5 rapier of Crusades {freeze, Dex+2}
201348 | Zig:25   | Identified the +1 shortbow "Hell-Harrower" {flame, rPois
                  | rCorr Str+5 Stlth-}
201353 | Zig:25   | Identified the staff of earth "Tadgho Paacu" {Fragile rC+
                  | Stlth+}
201356 | Zig:25   | Identified the +5 quarterstaff of Foidd {elec, rN+ Dex-4
                  | Stlth+}
201361 | Zig:25   | Identified the ring "Murral" {*Slow rElec rN+ rCorr}
201369 | Zig:25   | Identified the +7 sling of Paper {drain, rElec Str+5}
201370 | Zig:25   | Identified the +1 halberd of the New World {freeze, rElec}
201436 | Zig:26   | Entered Level 26 of a ziggurat
201859 | Zig:26   | Identified the +3 great sword of the Brain {venom, rF+}
201870 | Zig:26   | Identified the +2 demon trident "Xiatzouv" {vamp, *Rage
                  | +Blink rPois rF+ rN+}
201892 | Zig:26   | Identified the +8 short sword of Koraat {drain, rElec rN+}
201896 | Zig:26   | Identified the staff of poison "Sasoyzuuj" {rElec rPois
                  | Str+4 Stlth+}
202024 | Zig:27   | Entered Level 27 of a ziggurat
202048 | Zig:27   | Noticed a royal mummy
202048 | Zig:27   | Noticed a royal mummy
202049 | Zig:27   | Noticed a royal mummy
202049 | Zig:27   | Noticed a royal mummy
202051 | Zig:27   | Noticed a royal mummy
202052 | Zig:27   | Killed a royal mummy
202052 | Zig:27   | Killed a royal mummy
202052 | Zig:27   | Killed a royal mummy
202052 | Zig:27   | Killed a royal mummy
202053 | Zig:27   | Killed a royal mummy
202053 | Zig:27   | Noticed a royal mummy
202055 | Zig:27   | Killed a royal mummy
202055 | Zig:27   | Noticed a royal mummy
202055 | Zig:27   | Noticed a royal mummy
202058 | Zig:27   | Killed a royal mummy
202058 | Zig:27   | Killed a royal mummy
202058 | Zig:27   | Noticed a royal mummy
202061 | Zig:27   | Killed a royal mummy
202062 | Zig:27   | Noticed a royal mummy
202063 | Zig:27   | Noticed a royal mummy
202063 | Zig:27   | Noticed a royal mummy
202063 | Zig:27   | Noticed a royal mummy
202065 | Zig:27   | Killed a royal mummy
202065 | Zig:27   | Killed a royal mummy
202065 | Zig:27   | Killed a royal mummy
202065 | Zig:27   | Killed a royal mummy
202065 | Zig:27   | Noticed a royal mummy
202067 | Zig:27   | Noticed a royal mummy
202074 | Zig:27   | Killed a royal mummy
202074 | Zig:27   | Killed a royal mummy
202289 | Zig:27   | Identified the +8 hand axe of the Battered Brambles {vamp,
                  | Dex+3}
202293 | Zig:27   | Identified the +1 great sword of Kuerchyh {drain, rN+}
202295 | Zig:27   | Identified the +5 morningstar "Juiboodi" {protect, *Corrode
                  | Str+6}
202296 | Zig:27   | Identified the +0 war axe "Urphiulow" {drain, *Noise rC++
                  | SInv}
202298 | Zig:27   | Identified the staff of earth "Butieh" {SInv}
202300 | Zig:27   | Identified the amulet of the Will of the Gods {Reflect
                  | Will+ SH+5}
202302 | Zig:27   | Identified the staff of death "Gauluarch" {rElec rPois rN+}
202310 | Zig:27   | Identified the +1 lajatang of Hepliaklqana {freeze, rC+}
203029 | Tar:5    | Found a huge runed gate.
203031 | Tar:5    | Found a huge runed gate.
203033 | Tar:5    | Found a huge runed gate.
203034 | Tar:5    | Found a huge runed gate.
203035 | Tar:5    | Found a huge runed gate.
203133 | Tar:5    | Found a huge runed gate.
203137 | Tar:5    | Found a huge runed gate.
203139 | Tar:5    | Found a huge runed gate.
203173 | Tar:5    | Found a huge runed gate.
203203 | Tar:5    | Found a huge runed gate.
203203 | Tar:5    | Found a huge runed gate.
203203 | Tar:5    | Found a huge runed gate.
203204 | Tar:5    | Found a huge runed gate.
203206 | Tar:5    | Found a huge runed gate.
203208 | Tar:5    | Found a huge runed gate.
203210 | Tar:5    | Found a huge runed gate.
203212 | Tar:5    | Found a huge runed gate.
203215 | Tar:5    | Found a huge runed gate.
203215 | Tar:5    | Found a huge runed gate.
203215 | Tar:5    | Found a huge runed gate.
203216 | Tar:5    | Found a huge runed gate.
203218 | Tar:5    | Found a huge runed gate.
203220 | Tar:5    | Found a huge runed gate.
203222 | Tar:5    | Found a huge runed gate.
203224 | Tar:5    | Found a huge runed gate.
203226 | Tar:5    | Found a huge runed gate.
203228 | Tar:5    | Found a huge runed gate.
203228 | Tar:5    | Found a huge runed gate.
203417 | Tar:6    | Noticed an ancient lich
203420 | Tar:6    | Killed an ancient lich
203708 | Tomb:1   | Entered Level 1 of the Tomb of the Ancients
204500 | Tomb:1   | Noticed a royal mummy
204503 | Tomb:1   | Killed a royal mummy
204503 | Tomb:1   | Noticed a royal mummy
204505 | Tomb:1   | Noticed a royal mummy
204506 | Tomb:1   | Killed a royal mummy
205119 | Tomb:1   | Killed a royal mummy
205408 | Tomb:2   | Noticed a royal mummy
205408 | Tomb:2   | Noticed a royal mummy
205408 | Tomb:2   | Noticed a royal mummy
205409 | Tomb:2   | Noticed a royal mummy
205412 | Tomb:2   | Killed a royal mummy
205415 | Tomb:2   | Killed a royal mummy
205415 | Tomb:2   | Killed a royal mummy
205416 | Tomb:2   | Killed a royal mummy
206595 | Tar:7    | Entered Level 7 of Tartarus
208195 | Tar:7    | Got the Parchment of the Four Ghosts
208198 | Tar:7    | Identified the staff of air "Utzeihug" {rElec rF+}
208307 | Tar:7    | Noticed Ereshkigal
208443 | Tar:7    | Killed Ereshkigal
208581 | Tar:7    | Found the +10 tower shield of Ignorance {rN+ Int-4}
208609 | Tar:7    | Identified the staff of earth "Niuleapp" {rN+ SInv}
208610 | Tar:7    | Found the +3 greatsling "Punk" {acid, rCorr}
208613 | Tar:7    | Got a bone rune of Zot
210244 | Tomb:2   | Identified the +1 leather armour of Insecurity {Dex+2}
210783 | Tomb:3   | Entered Level 3 of the Tomb of the Ancients
210793 | Tomb:3   | Noticed a royal mummy
210795 | Tomb:3   | Noticed a royal mummy
210797 | Tomb:3   | Killed a royal mummy
210801 | Tomb:3   | Killed a royal mummy
210803 | Tomb:3   | Noticed a royal mummy
210803 | Tomb:3   | Found the +3 pair of gauntlets of War {Slay+5}
210806 | Tomb:3   | Reached skill level 15 in Evocations
210809 | Tomb:3   | Killed a royal mummy
210812 | Tomb:3   | Noticed a royal mummy
210813 | Tomb:3   | Noticed a royal mummy
210821 | Tomb:3   | Noticed a royal mummy
210821 | Tomb:3   | Noticed Khufu
210822 | Tomb:3   | Killed a royal mummy
210822 | Tomb:3   | Killed a royal mummy
210825 | Tomb:3   | Killed a royal mummy
210825 | Tomb:3   | Killed Khufu
210825 | Tomb:3   | Noticed a royal mummy
210835 | Tomb:3   | Killed a royal mummy
210837 | Tomb:3   | Reached skill level 10 in Stealth
210848 | Tomb:3   | Noticed a royal mummy
210856 | Tomb:3   | Killed a royal mummy
210965 | Tomb:3   | Got a golden rune of Zot
211063 | Tomb:3   | Found the +8 whip "Snakebite" {venom, curare, rPois}
211071 | Tomb:3   | Identified the staff of death "Fucinan" {rPois rF+ rN+
                  | Will+++ Int-2}
211072 | Tomb:3   | Identified the +2 morningstar of Senat {freeze, Dex+3 SInv}
211073 | Tomb:3   | Identified the +1 flail of Senorph {speed, Str+5}
211074 | Tomb:3   | Identified the ring of Xuloruon {rN+ Str+3 Int+3 Dex+6}
211076 | Tomb:3   | Identified the staff of conjuration "Nepsoar" {Fly rC-
                  | Int+3 Dex+3}
211082 | Tomb:3   | Identified the +8 halberd of the Pyrrhic Victory {protect,
                  | rF+ rC+ Int+3}
211086 | Tomb:3   | Identified the staff of fire "Gickut" {rF+ rCorr Str+4
                  | Int-2 Dex+3}
211087 | Tomb:3   | Identified the +1 plate armour of Fiesch {rPois rC+ Dex+3}
211205 | Tomb:3   | Found the +7 great mace "Undeadhunter" {deathbane, rN+}
211249 | Tomb:3   | Identified the +2 leather armour of Dramatic Exits {Contam
                  | Rampage Will+ rCorr}
211519 | Zig:1    | Entered Level 1 of a ziggurat
211578 | Zig:2    | Entered Level 2 of a ziggurat
211614 | Zig:3    | Entered Level 3 of a ziggurat
211656 | Zig:4    | Entered Level 4 of a ziggurat
211850 | Zig:5    | Entered Level 5 of a ziggurat
211914 | Zig:5    | Identified the staff of air "Yteziu" {+Blink rElec}
211916 | Zig:5    | Identified the +7 chain mail of Greed {Rampage Fly rC- rN++
                  | Stlth+}
211926 | Zig:6    | Entered Level 6 of a ziggurat
212124 | Zig:7    | Entered Level 7 of a ziggurat
212129 | Zig:7    | Noticed a dread lich
212133 | Zig:7    | Killed a dread lich
212209 | Zig:8    | Entered Level 8 of a ziggurat
212329 | Zig:9    | Entered Level 9 of a ziggurat
212452 | Zig:10   | Entered Level 10 of a ziggurat
212547 | Zig:10   | Identified the +6 sling of Fiufist {freeze, Int+3}
212548 | Zig:10   | Identified the +0 scale mail "Vuesieg" {rElec Str+5}
212567 | Zig:11   | Entered Level 11 of a ziggurat
212582 | Zig:11   | Found the +0 mask of the Dragon {Will+ Slay+3 SInv}
212680 | Zig:12   | Entered Level 12 of a ziggurat
212802 | Zig:12   | Identified the staff of earth "Qeedatug" {rElec}
212820 | Zig:12   | Identified the staff of earth "Vablet" {rElec rC- Will+}
212829 | Zig:13   | Entered Level 13 of a ziggurat
212907 | Zig:13   | Identified the ring "Yxezav" {+Blink rN+ Int-5 Dex+6}
212916 | Zig:13   | Identified the staff of fire "Rioceocwe" {rF+ Str+4}
213025 | Zig:14   | Entered Level 14 of a ziggurat
213030 | Zig:14   | Noticed a royal mummy
213030 | Zig:14   | Noticed a royal mummy
213034 | Zig:14   | Killed a royal mummy
213035 | Zig:14   | Noticed a royal mummy
213037 | Zig:14   | Killed a royal mummy
213037 | Zig:14   | Killed a royal mummy
213037 | Zig:14   | Noticed a royal mummy
213041 | Zig:14   | Noticed a royal mummy
213043 | Zig:14   | Killed a royal mummy
213047 | Zig:14   | Killed a royal mummy
213146 | Zig:14   | Identified the +1 shortbow of Amaim {heavy, Str+4 Dex+4
                  | Stlth-}
213148 | Zig:14   | Identified the +10 shortbow "Arhekkoax" {antimagic, Fly}
213152 | Zig:14   | Identified the +4 kite shield "Ejydanli" {Int+2}
213153 | Zig:14   | Identified the staff of death "Omosisch" {Fragile rF+ rN+
                  | Will++ Str+3}
213154 | Zig:14   | Identified the +2 great sword "Diomau" {venom, rPois}
213221 | Zig:14   | Acquired a manual of Shields
213225 | Zig:15   | Entered Level 15 of a ziggurat
213394 | Zig:15   | Identified the staff of air "Geisasel" {rElec Str+3}
213411 | Zig:16   | Entered Level 16 of a ziggurat
213554 | Zig:16   | Identified the +0 robe "Emmolini" {Dex+2}
213568 | Zig:16   | Identified the +7 chain mail of the Cursing Gods {SInv}
213577 | Zig:16   | Identified the staff of air "Lagoew" {rElec Int-4 Dex+5}
213600 | Zig:16   | Acquired 961 gold pieces
213626 | Zig:17   | Entered Level 17 of a ziggurat
213631 | Zig:17   | Noticed an ancient lich
213632 | Zig:17   | Noticed a dread lich
213632 | Zig:17   | Noticed a dread lich
213634 | Zig:17   | Killed an ancient lich
213634 | Zig:17   | Killed a dread lich
213634 | Zig:17   | Killed a dread lich
213634 | Zig:17   | Noticed a dread lich
213634 | Zig:17   | Noticed a dread lich
213634 | Zig:17   | Noticed an ancient lich
213636 | Zig:17   | Killed a dread lich
213636 | Zig:17   | Killed an ancient lich
213636 | Zig:17   | Killed a dread lich
213637 | Zig:17   | Noticed a dread lich
213639 | Zig:17   | Killed a dread lich
213640 | Zig:17   | Noticed a dread lich
213645 | Zig:17   | Killed a dread lich
213743 | Zig:17   | Identified the +0 ring mail of Card Tricks {rPois rF++
                  | Int+2 Slay+4}
213752 | Zig:17   | Identified the staff of poison "Ixetyoz" {rElec rPois rF-
                  | rN++ Dex+8}
213773 | Zig:18   | Entered Level 18 of a ziggurat
213788 | Zig:18   | Reached skill level 5 in Throwing
213923 | Zig:18   | Identified the ring of Muofeb {Str+3 Dex+6}
213927 | Zig:18   | Identified the amulet of Daipabru {Spirit Fly rCorr Int-5
                  | Dex+4}
213929 | Zig:18   | Identified the +0 robe of the Game Afoot {rN++ Slay+2}
213945 | Zig:18   | Identified the staff of fire "Xiytodu" {rF+ Str+3}
213987 | Zig:19   | Entered Level 19 of a ziggurat
214189 | Zig:19   | Identified the staff of poison "Imehabla" {*Corrode rPois
                  | Int+3 Dex+2}
214198 | Zig:19   | Identified the staff of death "Tuowaytue" {Fragile rF++ rN+
                  | Will++}
214200 | Zig:19   | Identified the +0 scale mail of Snakes and Ladders {Int+3}
214202 | Zig:19   | Identified the +9 spear "Zavvas" {freeze, rElec rC+ rN+
                  | Int-5}
214203 | Zig:19   | Identified the +5 long sword of Tartarus {freeze, *Rage
                  | rC++ Str+2}
214204 | Zig:19   | Identified the +8 great sword "Demonspawn's Doom" {flame,
                  | *Corrode rF+ Int+2 Dex+3}
214217 | Zig:20   | Entered Level 20 of a ziggurat
214229 | Zig:20   | Noticed an ancient lich
214231 | Zig:20   | Noticed an ancient lich
214232 | Zig:20   | Killed an ancient lich
214233 | Zig:20   | Reached skill level 10 in Throwing
214233 | Zig:20   | Killed an ancient lich
214237 | Zig:20   | Reached skill level 27 in Dodging
214354 | Zig:20   | Identified the +1 robe "Murefy" {*Slow rPois rN++ Dex-2}
214372 | Zig:20   | Identified the ring of Fedhas's Reproof {rPois rF++ rC+
                  | Will+ rCorr}
214378 | Zig:20   | Identified the ring of Dawn {Str+5 SInv}
214380 | Zig:20   | Identified the staff of conjuration "Wyus" {rElec rC- Int+4
                  | SInv}
214384 | Zig:20   | Identified the +3 broad axe of Fee Simple {flame, rCorr
                  | Int+7}
214385 | Zig:20   | Identified the +1 ring mail of Disappointment {Will- Str+6}
214440 | Zig:21   | Entered Level 21 of a ziggurat
214538 | Zig:21   | Identified the ring of Vierchot {rPois rF+ rC- Int+6}
214540 | Zig:21   | Identified the staff of fire "Eceisam" {rF+ Dex+2}
214543 | Zig:21   | Identified the staff of death "Ugaphoy" {rElec rF+ rN+
                  | Int+5}
214705 | Zig:21   | Identified the +10 plate armour of the Big Bang {Rampage}
214731 | Zig:22   | Entered Level 22 of a ziggurat
214750 | Zig:22   | Noticed Gyesk the pandemonium lord
214759 | Zig:22   | Killed Gyesk the pandemonium lord
214950 | Zig:22   | Identified the ring "Tuniquoc" {rN+ Dex+6}
214951 | Zig:22   | Identified the +2 flail of Bodily Humours {flame, rPois
                  | rF++ Int+8 Dex-5}
214992 | Zig:23   | Entered Level 23 of a ziggurat
215002 | Zig:23   | Noticed a dread lich
215005 | Zig:23   | Noticed an ancient lich
215007 | Zig:23   | Noticed a dread lich
215010 | Zig:23   | Killed a dread lich
215010 | Zig:23   | Killed an ancient lich
215010 | Zig:23   | Killed a dread lich
215011 | Zig:23   | Noticed an ancient lich
215012 | Zig:23   | Noticed a dread lich
215013 | Zig:23   | Noticed an ancient lich
215015 | Zig:23   | Killed a dread lich
215015 | Zig:23   | Killed an ancient lich
215015 | Zig:23   | Killed an ancient lich
215205 | Zig:23   | Identified the ring of Due Proportion {Str-3 Int+6 Dex+2
                  | SInv}
215206 | Zig:23   | Identified the +7 sling "Gegoxis" {drain, Will+ Int+2 Dex+4
                  | Stlth-}
215228 | Zig:23   | Identified the staff of fire "Jelabb" {rF+ Int+8}
215237 | Zig:24   | Entered Level 24 of a ziggurat
215252 | Zig:24   | Reached skill level 27 in Conjurations
215439 | Zig:24   | Identified the +6 flail "Nabbiuc" {heavy, rN+++}
215460 | Zig:24   | Identified the +7 glaive "Vuipn" {elec, rF+ SInv}
215463 | Zig:24   | Identified the +2 rapier of Robil {speed, Str+4 Int+2
                  | Stlth+}
215475 | Zig:24   | Identified the +2 great sword of Havoc {flame, Will++}
215525 | Zig:25   | Entered Level 25 of a ziggurat
215656 | Zig:25   | Found the amulet of the Four Winds {rN+ Will+++ Clar}
215745 | Zig:25   | Identified the staff of conjuration "Zaroydd" {rPois MP+9
                  | Str+3}
215748 | Zig:25   | Identified the +1 short sword "Somugali" {heavy, rF+++
                  | Will- MP+9 Int-3}
215763 | Zig:25   | Identified the +7 dire flail of Gallantry {flame, rC+}
215786 | Zig:25   | Identified the +2 scale mail of the Aged Nightingales
                  | {rF++}
215793 | Zig:25   | Identified the staff of death "Qynac" {rN+ Str+3 Dex+5}
215795 | Zig:25   | Identified the +11 falchion "Odanass" {freeze, Will+ Str+4}
215813 | Zig:25   | Acquired 773 gold pieces
215815 | Zig:25   | Acquired 736 gold pieces
215817 | Zig:25   | Acquired 946 gold pieces
215819 | Zig:25   | Acquired 1237 gold pieces
215821 | Zig:25   | Acquired 600 gold pieces
215842 | Zig:26   | Entered Level 26 of a ziggurat
216074 | Zig:26   | Identified the staff of poison "Eshiups" {rPois Dex+3
                  | Stlth+}
216077 | Zig:26   | Identified the staff of death "Hedon" {rPois rF- rN+ Int+2}
216099 | Zig:26   | Identified the +8 plate armour of Xom's Favour {rF+ rCorr
                  | Dex+2 Slay+3}
216106 | Zig:27   | Entered Level 27 of a ziggurat
216138 | Zig:27   | Reached skill level 27 in Necromancy
216329 | Zig:27   | Found the +8 mithril axe "Arga" {speed, Will+}
216330 | Zig:27   | Found the +5 glaive of the Guard {elec, spectral, AC+5}
216344 | Zig:27   | Identified the ring "Etoluinwov" {Fly Will+ Dex+6}
216360 | Zig:27   | Identified the ring "Bedeeffimp" {rF+ rCorr Str+6 Int+5
                  | Dex-4}
216364 | Zig:27   | Identified the staff of conjuration "Meizoal" {rC- rN++
                  | Int+3}
216453 | Zig:1    | Entered Level 1 of a ziggurat
216506 | Zig:2    | Entered Level 2 of a ziggurat
216531 | Zig:2    | Identified the +0 chain mail of the Vaults {rC+ Str+4
                  | Stlth-}
216545 | Zig:3    | Entered Level 3 of a ziggurat
216597 | Zig:3    | Identified the +2 pair of gloves of the Moon Troll {+Blink
                  | Str+2}
216615 | Zig:4    | Entered Level 4 of a ziggurat
216685 | Zig:5    | Entered Level 5 of a ziggurat
216770 | Zig:6    | Entered Level 6 of a ziggurat
216850 | Zig:6    | Identified the +2 ring mail of the Echidna {Rampage rElec
                  | Str+2}
217166 | Zig:7    | Entered Level 7 of a ziggurat
217172 | Zig:7    | Noticed a juggernaut
217174 | Zig:7    | Killed a juggernaut
217258 | Zig:7    | Acquired 931 gold pieces
217266 | Zig:8    | Entered Level 8 of a ziggurat
217351 | Zig:8    | Identified the ring of Zaefofodu {rN+ Int+2}
217391 | Zig:9    | Entered Level 9 of a ziggurat
217407 | Zig:9    | Found the +4 robe of Folly {Brill Will-∞ Int+8}
217471 | Zig:9    | Identified the +10 mace "Hogidonwir" {holy, rF+ rC- rCorr
                  | Str+2}
217542 | Zig:10   | Entered Level 10 of a ziggurat
217615 | Zig:10   | Found the +6 arbalest "Damnation" {damnation}
217664 | Zig:10   | Identified the +0 leather armour "Sycath" {Fly rC+ Int+3}
217667 | Zig:10   | Identified the +5 leather armour of Daffodils {Rampage
                  | rElec Will- Int+2}
217704 | Zig:11   | Entered Level 11 of a ziggurat
217719 | Zig:11   | Reached skill level 15 in Throwing
217770 | Zig:11   | Identified the staff of fire "Nean Fel" {rF+ Dex+5 Stlth+}
217773 | Zig:11   | Identified the +1 rapier of the Pariah {flame, Contam Fly
                  | rElec rF+}
217794 | Zig:11   | Identified the +0 robe of the Past {Dex+4}
217832 | Zig:12   | Entered Level 12 of a ziggurat
217920 | Zig:12   | Identified the +3 leather armour of the Vacuum {Dex+6
                  | Slay-2}
217941 | Zig:13   | Entered Level 13 of a ziggurat
218051 | Zig:13   | Identified the +7 shortbow of Terror {heavy, MP+9 Str+3
                  | Stlth-}
218068 | Zig:13   | Identified the ring of Jiuppof {Fly rF+++ rC+ Will- Str+6}
218734 | Zot:5    | Got the Orb of Zot
218863 | Depths:3 | Killed a juggernaut
218910 | Depths:1 | Noticed Rontexaa the pandemonium lord
219286 | D:$      | Escaped with the Orb!

Illustrated notes

Levels and vault maps discovered:
D:1:      sevenhm_arrival_forest_fort_large_3, layout_basic
D:2:      layout_loops_ring
D:3:      kb_forest_paths, layout_rooms, serial_undead, serial_undead_d,
          serial_undead_a, serial_undead_f, serial_undead_a, uniq_grinder
D:4:      layout_basic, minmay_misc_feat_tower
D:5:      layout_basic, mainiacjoe_overflow_two_lobes,
          minmay_temple_entry_glass, guppyfry_early_orc_mine
D:6:      layout_loops_ring, mainiacjoe_overflow_surrounded_room, serial_shops,
          nicolae_shop_temple_entry_statues_fountains
D:7:      layout_rooms, nicolae_shop_clearance, uniq_duvessa, uniq_joseph,
          uniq_prince_ribbit1
D:8:      layout_cave_pools, serial_shops, nicolae_lakefront_shop,
          nicolae_inconvenience_store, roderic_serpentine_path, uniq_maggie
D:9:      layout_roguey
D:10:     cheibrodos_elevator_heist, layout_loops_corners,
          nicolae_dithmenos_through_a_glass_darkly, erik_lair_orcish_takeover,
          orc_0_dummy, grunt_ogre_cave, kennysheep_generic_room_5, uniq_maurice
D:11:     hellmonk_crumbling_castle, layout_irregular_city,
          gauntlet_entry_generic, uniq_fannar, uniq_amaemon
D:12:     layout_stronghold, serial_shops, shop, minivault_27, uniq_sonja
D:13:     layout_loops_cross, special_room [special_room_bee],
          nicolae_wu_jian_wuxing_cycle
D:14:     layout_basic, david_vaults_2, serial_shops, shop, lightli_wizard_tower
D:15:     grunt_enter_depths_magical_seal, layout_loops_ring
Temple:   nicolae_temple_two_arcs
Lair:1:   layout_regular_city, uniq_urug
Lair:2:   layout_hall_layers, guppyfry_snake_entry_island, beast_lair_carwin_10,
          grunt_megastairs_5, lemuel_fruit_tree
Lair:3:   layout_layer_cave, swamp_mist_pool, nicolae_lair_run_with_the_wolves,
          grunt_megastairs_2, infiniplex_staircase_pool_2
Lair:4:   layout_small_grid, slime_entry_1, uniq_snorg
Lair:5:   hangedman_lair_tendril_chambers, layout_cellular_growth,
          hangedman_lair_in_review
Swamp:1:  nicolae_swamp_flooded_prison, layout_basic_swamp,
          evilmike_swamp_ruin_house_4, swamp_pool3, uniq_louise, uniq_mlioglotl
Swamp:2:  layout_falls_marsh, evilmike_swamp_ruin_house_3
Swamp:3:  layout_basic_swamp, evilmike_swamp_ruin_house_6, swamp_pool1,
          uniq_jorgrun
Swamp:4:  byrel_swamp_growth_death_and_undeath, layout_basic_swamp, swamp_pool1,
          worms_lemuel
Snake:1:  layout_concentric_octagons, grunt_megastairs_4
Snake:2:  layout_gridlike, grunt_megastairs_1
Snake:3:  layout_grid_shapes
Snake:4:  grunt_snake_rune_serpentine_throne, layout_layer_cave, serial_shops,
          nicolae_shop_behind_doors
Slime:1:  layout_caves, special_room [special_room_jelly]
Slime:2:  cheibrodos_slime_lost_civilization_9, layout_caves, uniq_dissolution
Slime:3:  layout_caves
Slime:4:  cheibrodos_slime_lost_civilization_2, layout_caves
Slime:5
Orc:1:    layout_diamond_mine, nicolae_volcano_entry_two_sided, uniq_harold
Orc:2:    st_orc_pillars, layout_caves, nicolae_orc_lost_temple
Elf:1:    minmay_elf_arrival_circle, layout_loops_cross, basic_altar,
          serial_shops, nicolae_shop_crystal, nicolae_shop_advertising_works
          [nicolae_subvault_shop_adworks], shop_statue, shop, orc_legates,
          minivault_5, grunt_ministairs_6, minivault_5
Elf:2:    nicolae_elf_blades_crystal_corner, layout_loops_corners
Elf:3:    minmay_elf_hall, layout_gridlike, serial_shops, shop
Vaults:1: st_cross, nicolae_vaults_triangles, vaults_dpeg_spiral, v_misc_4,
          hangedman_vaults_river_flow, nicolae_vaults_back_hallway,
          vaults_dpeg_hooks, vaults_room_corners,
          ontoclasm_vaults_decontamination, grunt_vaults_hallway_short,
          v_misc_16, layout_vaults_omnicross
Vaults:2: ebering_ghost_gozag, v_misc_18, ontoclasm_vaults_claustrophobia,
          hangedman_vaults_cutoff, minmay_crypt_entry_necro_gods,
          v_alt_pattern_1, v_pattern_2, v_misc_28, v_misc_18,
          nicolae_vaults_ring_of_whatevers, nicolae_vaults_alarming,
          ontoclasm_vaults_twist, layout_vaults_ring, uniq_asterion
Vaults:3: dpeg_vaults_monster_row, vaults_mumra_hexcomb,
          nicolae_vaults_three_branches, nicolae_vaults_disjoint_gnomons,
          nicolae_vaults_yaktaur_gun_rack, v_misc_11, v_misc_16,
          v_alt_pattern_1, layout_vaults_omnibox
Vaults:4: v_misc_3, vaults_mumra_hex, hangedman_vaults_locks,
          vaults_room_ringed_pool, nicolae_vaults_gold_heap, st_more_cells,
          layout_vaults_quadrants
Vaults:5: uniq_mennas
Crypt:1:  layout_misc_corridors, basic_altar
Crypt:2:  layout_chaotic_city, nicolae_crypt_statuary_hall,
          lemuel_upstairs_altar
Crypt:3:  due_elkab, layout_chaotic_city, ebering_ghost_disaster_area
Tomb:1
Tomb:2
Tomb:3
Depths:1: layout_basic, enter_ziggurat_d, hell_entry, minmay_misc_feat_pillars,
          skrybe_limestone_x, kennysheep_generic_room_13, uniq_nikola,
          uniq_sojobo
Depths:2: cross_vault, layout_cave_pools, grunt_hell_horde,
          grunt_pan_entry_spiral, serial_bayou_shore_b, minmay_shoptagon,
          infiniplex_staircase_pool_lava
Depths:3: kennysheep_funnel, layout_long_grid, hangedman_abyss_or_decor_stagger,
          rand_demon_pan_entry_3, hell_entry, abyss_entry_small_statue_room,
          uniq_frederick
Depths:4: evilmike_zot_entry_gauntlet, layout_cave_pools, hangedman_geh_valley,
          serial_shops, nicolae_shop_stone,
          hangedman_abyss_or_decor_lesser_grid, hangedman_abyss_or_decor_stabs,
          minivault_16, grunt_ministairs_9, uniq_vv
Hell
Dis:1:    layout_overlapping_boxes, hangedman_dis_chains
Dis:2:    layout_subdivisions
Dis:3:    layout_subdivisions, nicolae_dis_metal_dragon_surprise
Dis:4:    layout_regular_city
Dis:5:    layout_gridville, nicolae_hells_leichenhalle
Dis:6:    layout_overlapping_boxes, nrook_loot_triangle,
          nicolae_dis_distal_crystal
Dis:7:    dis_st
Geh:1:    layout_gehenna_pools_box
Geh:2:    layout_gehenna_pools_triple
Geh:3:    layout_gehenna_pools_basic
Geh:4:    layout_gehenna_lava_caves
Geh:5:    layout_gehenna_lava_caves
Geh:6:    layout_gehenna_lava_caves
Geh:7:    geh_grunt_pentagon
Coc:1:    layout_cocytus_water_paths
Coc:2:    layout_cocytus_water_paths
Coc:3:    layout_cocytus_water_paths
Coc:4:    layout_cocytus_water_paths
Coc:5:    layout_ice_bergs, nicolae_hells_hurtin_island
Coc:6:    nicolae_coc_icebeans_plural [nicolae_sub_coc_subbean,
          nicolae_sub_coc_subbean, nicolae_sub_coc_subbean,
          nicolae_sub_coc_subbean], layout_cocytus_water_paths
Coc:7:    coc_dpeg
Tar:1:    layout_grid_maze
Tar:2:    layout_catacombs, nicolae_tar_combbox
Tar:3:    layout_catacombs, nicolae_tar_cuneiform_city
Tar:4:    layout_catacombs
Tar:5:    layout_catacombs, door_vault
Tar:6:    layout_catacombs
Tar:7:    tar_minmay_river
Zot:1:    layout_onion
Zot:2:    layout_gridlike, grunt_megastairs_3, uniq_grunn
Zot:3:    layout_onion_interference
Zot:4:    gammafunk_the_bubble [the_bubble_gammafunk_plus_minus],
          layout_gridlike
Zot:5:    layout_twisted_circle

Skill      XL: |  1  2  3  4  5  6  7  8  9 10 11 12 13 14 15 16 17 18 19 20 21 22 23 24 25 26 27 |
---------------+----------------------------------------------------------------------------------+-----
Fire Magic     | 3 4 5 7 9 10 11 12 13 14 17 18 19 20 21 22 27 | 27.0
Spellcasting   | 4 5 6 7 8 9 10 11 12 14 15 16 17 18 19 20 21 22 27 | 27.0
Conjurations   | 2 3 6 8 10 11 12 13 14 15 16 18 27 | 27.0
Dodging        | 2 3 4 5 7 10 11 12 13 14 27 | 27.0
Stealth        | 2 3 4 6 10 | 10.0
Fighting       | 1 3 5 7 8 10 11 12 13 15 16 17 18 19 27 | 27.0
Armour         | 1 2 4 5 6 7 8 10 11 12 25 | 25.8
Earth Magic    | 1 2 5 6 7 8 9 10 27 | 27.0
Shields        | 4 5 6 22 | 22.0
Evocations     | 3 6 7 8 9 11 12 24 | 24.9
Staves         | 3 6 8 9 12 | 12.0
Necromancy     | 27 | 27.0
Transmutations | 22 | 22.7
Throwing       | 15 | 15.8

Action                     |  1- 3 |  4- 6 |  7- 9 | 10-12 | 13-15 | 16-18 | 19-21 | 22-24 | 25-27 || total
---------------------------+-------+-------+-------+-------+-------+-------+-------+-------+-------++-------
  Melee: Unarmed           |     2 |       |       |       |       |       |       |       |       ||     2
         Dagger            |     5 |       |       |       |       |       |       |       |       ||     5
         Staff             |       |       |    11 |    34 |    37 |    45 |   158 |   202 |  1495 ||  1982
         Headbutt          |       |       |     1 |     5 |    10 |    12 |    49 |    63 |   573 ||   713
   Cast: Foxfire           |   153 |   145 |   265 |   181 |     1 |       |       |     1 |       ||   746
         Scorch            |     3 |    11 |    69 |   126 |     4 |     9 |       |       |       ||   222
         Flame Wave        |       |       |     4 |    22 |       |       |       |       |       ||    26
         Fireball          |       |       |       |   112 |   517 |   581 |   422 |    79 |    88 ||  1799
         Kindle Blastspark |       |       |       |     1 |       |       |       |       |       ||     1
         Starburst         |       |       |       |     7 |    69 |    97 |    39 |    15 |    15 ||   242
         Iron Shot         |       |       |       |       |     2 |    51 |    87 |   170 |  1336 ||  1646
         Ignition          |       |       |       |       |       |    13 |   108 |   625 |  2845 ||  3591
         Orb of Destructio |       |       |       |       |       |       |       |       |    11 ||    11
         Fire Storm        |       |       |       |       |       |       |       |       |    50 ||    50
         Shatter           |       |       |       |       |       |       |       |       |   803 ||   803
         Necromutation     |       |       |       |       |       |       |       |       |   156 ||   156
         Apportation       |       |       |       |       |       |       |       |       |     2 ||     2
         Borgnjor's Vile C |       |       |       |       |       |       |       |       |     2 ||     2
 Invoke: Potion Petition   |       |       |       |     2 |     1 |     4 |       |     2 |    60 ||    69
         Call Merchant     |       |       |       |       |     1 |     2 |     1 |     2 |     5 ||    11
         Bribe Branch      |       |       |       |       |       |       |       |       |     6 ||     6
  Evoke: Wand              |       |       |       |     8 |     6 |       |     1 |       |     7 ||    22
         Lightning rod     |       |       |       |       |    13 |     7 |     5 |     3 |    10 ||    38
         Phial of floods   |       |       |       |       |     2 |     1 |     1 |       |     4 ||     8
         Tin of tremorston |       |       |       |       |       |       |     6 |     2 |    20 ||    28
         Condenser vane    |       |       |       |       |       |       |     4 |     2 |    21 ||    27
         Phantom mirror    |       |       |       |       |       |       |       |     2 |    16 ||    18
         Figurine of a zig |       |       |       |       |       |       |       |       |     2 ||     2
         Horn of Geryon    |       |       |       |       |       |       |       |       |     1 ||     1
    Use: Scroll            |       |       |    21 |     5 |    11 |     2 |     7 |     3 |    38 ||    87
         Potion            |       |       |     2 |     4 |     1 |     2 |       |     2 |    63 ||    74
   Stab: Paralysed         |       |       |       |       |     1 |     7 |     5 |     9 |    44 ||    66
         Distracted        |       |       |       |       |       |     1 |     1 |     4 |    23 ||    29
         Confused          |       |       |       |       |       |       |     2 |       |       ||     2
 Armour: Robe              |     8 |     7 |    29 |    58 |    48 |    56 |    79 |       |       ||   285
         Skin              |       |       |       |     6 |       |       |       |       |     2 ||     8
         Acid dragon scale |       |       |       |       |       |       |    11 |    43 |       ||    54
         Pearl dragon scal |       |       |       |       |       |       |       |    75 |  1150 ||  1225
         Leather armour    |       |       |       |       |       |       |       |    41 |   142 ||   183
  Dodge: Dodged            |    21 |     8 |    56 |   138 |   117 |   130 |   267 |   253 |  1654 ||  2644
         Repelled          |       |       |     1 |     3 |       |       |       |       |       ||     4
  Block: Buckler           |       |       |       |       |    41 |    74 |   150 |   172 |  1042 ||  1479
         Reflection        |       |       |       |       |     5 |    18 |    32 |     8 |   125 ||   188

Table legend: (Time is in decaauts)
 A = Elapsed time spent in this place.
 B = Non-inter-level travel time spent in this place.
 C = Inter-level travel time spent in this place.
 D = Time resting spent in this place.
 E = Time spent auto-exploring this place.
 F = Levels seen in this place.
 G = Mean time per level.
                   A        B        C        D        E       F      G
               +--------+--------+--------+--------+--------+-----+--------+
         Total | 219718 | 206539 |  13179 |  61703 | 107272 | 184 | 1194.1 |
       Dungeon |  25834 |  21612 |   4222 |   2873 |  15995 |  15 | 1722.3 |
        Temple |    188 |    179 |      9 |      0 |    168 |   1 |  188.0 |
          Lair |  14278 |  13615 |    663 |   5360 |   6760 |   5 | 2855.6 |
         Swamp |  10314 |  10070 |    244 |   4334 |   4371 |   4 | 2578.5 |
     Snake Pit |  12608 |  12176 |    432 |   4095 |   6467 |   4 | 3152.0 |
    Slime Pits |   6390 |   6175 |    215 |   3018 |   2607 |   5 | 1278.0 |
  Orcish Mines |   6006 |   5264 |    742 |   1402 |   2851 |   2 | 3003.0 |
   Elven Halls |   8500 |   8059 |    441 |   2129 |   4799 |   3 | 2833.3 |
        Vaults |  18985 |  17873 |   1112 |   7149 |   7844 |   5 | 3797.0 |
         Crypt |  11256 |  10773 |    483 |   4662 |   4813 |   3 | 3752.0 |
          Tomb |   4023 |   3520 |    503 |    671 |   1964 |   3 | 1341.0 |
        Depths |  13220 |  11289 |   1931 |   4818 |   4909 |   4 | 3305.0 |
          Hell |   1963 |   1754 |    209 |    472 |    886 |   1 | 1963.0 |
           Dis |   5195 |   5113 |     82 |   1493 |   2495 |   7 |  742.1 |
       Gehenna |   6368 |   6157 |    211 |   1502 |   3227 |   7 |  909.7 |
       Cocytus |   5661 |   5430 |    231 |   1691 |   2812 |   7 |  808.7 |
      Tartarus |   5682 |   5105 |    577 |    788 |   3119 |   7 |  811.7 |
           Zot |  13601 |  12734 |    867 |   5698 |   4713 |   5 | 2720.2 |
         Abyss |   1640 |   1640 |      0 |    381 |    280 |   7 |  234.3 |
   Pandemonium |  35125 |  35125 |      0 |   8121 |  18933 |  21 | 1672.6 |
      Ziggurat |  11969 |  11969 |      0 |   1004 |   6690 |  67 |  178.6 |
      Gauntlet |    902 |    902 |      0 |     37 |    564 |   1 |  902.0 |
               +--------+--------+--------+--------+--------+-----+--------+

Top non-repeatable levels by time:
 Crypt:3: 6713 daAuts
Vaults:2: 5321 daAuts
  Lair:5: 4815 daAuts
   Orc:2: 4698 daAuts
 Snake:4: 4666 daAuts
Depths:2: 4542 daAuts
 Swamp:4: 4155 daAuts
Vaults:4: 4081 daAuts
   Zot:5: 3873 daAuts
 Swamp:1: 3737 daAuts
Vaults:1: 3693 daAuts
   Zot:4: 3655 daAuts
   Dis:7: 3634 daAuts
   Geh:7: 3446 daAuts
   Elf:3: 3262 daAuts
